 Dungeon Crawl Stone Soup version 0.29.0-4-gdea44cf6ec (webtiles) character file.

Game seed: 18079334393373203947

1961 qw the Grappler (level 9, -2/23 (87) HPs)
             Began as a Troll Cinder Acolyte on Aug 30, 2022.
             Was an Initiate of Ignis.
             Shot with an arrow by a centaur (5 damage)
             ... on level 6 of the Dungeon.
             The game lasted 00:36:02 (32390 turns).

qw the Grappler (Troll Cinder Acolyte)             Turns: 32390, Time: 00:36:03

HP:   -2/23 (87)    AC:  5    Str: 28    XL:     9   Next: 0%
MP:   9/9           EV:  9    Int: 10    God:    Ignis [......]
Gold: 209           SH:  0    Dex:  5    Spells: 10/10 levels left

rFire   + + .      SeeInvis .     - Unarmed
rCold   + . .      Faith    .   (no shield)
rNeg    . . .      Spirit   .   j - +1 robe {rF+}
rPois   .          Reflect  .   (helmet restricted)
rElec   .          Harm     .   b - scarf {repulsion}
rCorr   .          Rampage  .   (gloves unavailable)
Will    .....                   (boots unavailable)
Stlth   +.........              (no amulet)
HPRegen 0.87/turn               g - ring of protection from cold
MPRegen 0.11/turn               (no ring)

@: extremely drained, repel missiles, bezotted
A: large, unfitting armour, claws 3, regeneration 1, shaggy fur 1, tough skin 1
a: Renounce Religion, Rising Flame


You were on level 6 of the Dungeon.
You worshipped Ignis.
Ignis was noncommittal.
You visited 1 branch of the dungeon, and saw 7 of its levels.

You collected 209 gold pieces.


Innate Abilities, Weirdness & Mutations

You are too large for most types of armour.
You have claws for hands.
Your natural rate of healing is unusually fast.
You are covered in fur. (AC +1)
You have tough skin. (AC +1)


   Skills:
 - Level 4.9 Fighting
 - Level 1.3 Throwing
 - Level 1.2 Dodging
 + Level 10.7 Unarmed Combat
 - Level 1.0 Spellcasting
 - Level 2.1 Fire Magic


You had 10 spell levels left.
You didn't know any spells.
Your spell library contained the following spells:

 Spells                   Type           Power      Damage    Failure   Level
 Scorch                   Fire           8%         2d5       22%         2

Inventory:

Missiles
 a - 3 boomerangs
 m - a silver boomerang (quivered)
Armour
 b - a scarf of repulsion (worn)
 d - a +0 cloak
 j - a +1 robe of fire resistance (worn)
Jewellery
 g - a ring of protection from cold (left claw)
Scrolls
 e - a scroll of identify
 i - 2 scrolls of enchant armour
 l - a scroll of enchant weapon
 p - a scroll of teleportation
Potions
 c - 4 potions of curing
 f - a potion of might {unknown}
 h - a potion of cancellation {unknown}
 k - a potion of lignification {unknown}
 n - a potion of mutation {unknown}
 o - a potion of heal wounds {unknown}
 q - a potion of brilliance {unknown}

Dungeon Overview and Level Annotations

Branches:
Dungeon (7/15) Zot: 934    Temple (0/1) D:6

Altars:
Cheibriados
The Shining One

Annotations:
D:2 1 runed translucent door, Crazy Yiuf


Message History

The arrow closely misses you.
The centaur shoots an arrow.
The arrow hits you!
32336 ||| FLEEEEING.
The centaur shoots an arrow.
The arrow hits you!
32337 ||| FLEEEEING.
Really rest while Zot is near?
Really rest while Zot is near?
Really rest while Zot is near?
Really rest while Zot is near?
Really rest while Zot is near?
Really rest while Zot is near?
Really rest while Zot is near?
Really rest while Zot is near?
Really rest while Zot is near?
Really rest while Zot is near?
The centaur shoots an arrow.
The arrow closely misses you.
The centaur shoots an arrow.
The arrow closely misses you.
The centaur shoots an arrow.
The arrow misses you.
The centaur shoots an arrow.
The arrow barely misses you.
The centaur shoots an arrow.
The arrow hits you!
The centaur shoots an arrow.
The arrow hits you.
The centaur shoots an arrow.
The arrow closely misses you.
32368 ||| FLEEEEING.
The centaur shoots an arrow.
The arrow closely misses you.
32369 ||| FLEEEEING.
Really rest while Zot is near?
Really rest while Zot is near?
Really rest while Zot is near?
The centaur shoots an arrow.
The arrow hits you but does no damage.
You hear a shout!
The centaur shoots an arrow.
The arrow closely misses you.
The centaur shoots an arrow.
The arrow closely misses you.
The centaur shoots an arrow.
The arrow closely misses you.
The centaur shoots an arrow.
The arrow hits you.
The centaur shoots an arrow.
The arrow hits you.
The centaur shoots an arrow.
The arrow barely misses you.
The centaur shoots an arrow.
The arrow hits you!
32390 ||| FLEEEEING.
The centaur shoots an arrow.
The arrow closely misses you.
The centaur shoots an arrow.
The arrow hits you.
The centaur shoots an arrow.
The arrow closely misses you.
The centaur shoots an arrow.
The arrow closely misses you.
The centaur shoots an arrow.
The arrow hits you.
You die...

#..~~~~~~~~~..#.# ...~~
#.~~~~~~~~~~c.#'# ..~~~
#.~~~~~~~~~~cc......~~~
#.~~~~~~~~~~~c.....~~~~
#.~~~~~~~~~~~~~..~~~~~~
#.#~~~~~~~~~~~~~~~~~~~~
#.###.~~~~~~~~~~~~~~~##
#.........~~~~~~~~###..
#####.@##..~~~~#...##..
#######.#########........
#.....#.# #........
#.7.7.#.# ##...##..
#..>....# ##...##..
#.7.7.#.# #........
#.....#.# #........
#.##.##.### #........
#....)....### #........


You could see 4 centaurs.

Vanquished Creatures
  An unseen horror (D:7)
  A wraith (D:6)
  A vampire mosquito (D:6)
  An ice beast (D:4)
  A sky beast (D:7)
  A black bear (D:5)
  An ogre (D:5)
  3 bullfrogs
  A necrophage (D:4)
  4 scorpions
  A jelly (D:4)
  2 hounds
  2 orc priests (D:6)
  3 iguanas
  Terence (D:2)
  2 orc wizards
  6 adders
  7 gnolls
  4 white imps
  3 ufetubi
  A dart slug (D:3)
  19 orcs
  7 ball pythons
  8 endoplasms
  2 giant cockroaches
  6 goblins
  2 hobgoblins (D:1)
  2 jackals (D:4)
  8 kobolds
  A quokka (D:3)
  3 bats
  A frilled lizard (D:2)
  5 rats
111 creatures vanquished.

Vanquished Creatures (others)
  An orc wizard (D:6)
1 creature vanquished.

Grand Total: 112 creatures vanquished

Notes
Turn   | Place    | Note
-------+----------+-------------------------------------------
     0 | D:1      | qw the Troll Cinder Acolyte began the quest for the Orb.
     0 | D:1      | Reached XP level 1. HP: 22/22 MP: 1/1
     0 | D:1      | 0 ||| qw: Version: 0.1-a-95-gae9e614
     0 | D:1      | 0 ||| qw: Game counter: 4437
     0 | D:1      | 0 ||| qw: Always use a shield: true
     0 | D:1      | 0 ||| qw: God list: Okawaru
     0 | D:1      | 0 ||| qw: Allow faded altars: false
     0 | D:1      | 0 ||| qw: Do Orc after D:15 true
     0 | D:1      | 0 ||| qw: Do second Lair branch before Depths: true
     0 | D:1      | 0 ||| qw: Lair rune preference: random
     0 | D:1      | 0 ||| qw: Plans: Normal
     0 | D:1      | 0 ||| PLANNING D:1-11
    21 | D:1      | 21 ||| Stepping ~*~*~tactically~*~*~ (stealth).
   191 | D:1      | Reached XP level 2. HP: 29/29 MP: 2/2
   216 | D:1      | Found a faded altar of an unknown god.
   634 | D:1      | 634 ||| Stepping ~*~*~tactically~*~*~ (stealth).
   785 | D:1      | 785 ||| READING scroll labelled DYHIYKUNEO.
   886 | D:1      | 886 ||| READING scroll labelled IXUCOA KOGEV.
   887 | D:1      | 887 ||| READING scroll labelled QOSMON ITIS.
   903 | D:2      | 903 ||| Stepping ~*~*~tactically~*~*~ (stealth).
   905 | D:2      | Reached skill level 4 in Unarmed Combat
   926 | D:2      | Reached XP level 3. HP: 31/36 MP: 3/3
   926 | D:2      | 926 ||| FLEEEEING.
   927 | D:2      | 927 ||| FLEEEEING.
   928 | D:2      | 928 ||| FLEEEEING.
   929 | D:2      | 929 ||| FLEEEEING.
   930 | D:2      | 930 ||| FLEEEEING.
   931 | D:2      | 931 ||| FLEEEEING.
   932 | D:2      | 932 ||| FLEEEEING.
   962 | D:2      | 962 ||| INVOKING Fiery Armour.
   964 | D:2      | 964 ||| Stepping ~*~*~tactically~*~*~ (hiding).
   974 | D:2      | Reached XP level 4. HP: 32/44 MP: 4/4
  1024 | D:2      | Reached skill level 5 in Unarmed Combat
  1134 | D:2      | Found a runed translucent door.
  1135 | D:2      | Noticed Crazy Yiuf
  1196 | D:2      | Identified the +1 leather armour of Disappointment {Will+
                  | Stlth+}
  1376 | D:2      | 1376 ||| UPGRADING to ring of protection from cold.
  1377 | D:2      | 1377 ||| READING scroll labelled APPEKL AC DUU.
  1378 | D:2      | 1378 ||| DRINKING 2 glowing clear potions.
  1400 | D:3      | Noticed Terence
  1409 | D:3      | 1409 ||| STAIRDANCE
  1412 | D:2      | 1412 ||| INVOKING Fiery Armour.
  1412 | D:2      | HP: 8/44 [Terence/+0 flail (7)]
  1414 | D:2      | Killed Terence
  1531 | D:3      | Found a snail-covered altar of Cheibriados.
  1677 | D:3      | 1677 ||| Stepping ~*~*~tactically~*~*~ (stealth).
  1683 | D:3      | 1683 ||| Stepping ~*~*~tactically~*~*~ (stealth).
  1712 | D:3      | Reached XP level 5. HP: 50/50 MP: 5/5
  1712 | D:3      | 1712 ||| Stepping ~*~*~tactically~*~*~ (stealth).
  1714 | D:3      | 1714 ||| Stepping ~*~*~tactically~*~*~ (stealth).
  1724 | D:3      | 1724 ||| Stepping ~*~*~tactically~*~*~ (stealth).
  1730 | D:3      | 1730 ||| Stepping ~*~*~tactically~*~*~ (outnumbered).
  1962 | D:3      | 1962 ||| UPGRADING to scarf of repulsion.
  1967 | D:3      | 1967 ||| READING scroll labelled JEBIKASU FAEB.
  1968 | D:3      | 1968 ||| READING scroll labelled KET BILYTSOCK.
  1969 | D:3      | 1969 ||| READING 3 scrolls labelled LEIZXI QULED.
  1970 | D:3      | 1970 ||| READING 2 scrolls of identify.
  1970 | D:3      | 1970 ||| IDENTIFYING emerald potion
  1971 | D:3      | 1971 ||| DROPPING potion of magic.
  1972 | D:3      | 1972 ||| DROPPING 2 scrolls of blinking.
  1992 | D:4      | 1992 ||| INVOKING Fiery Armour.
  1997 | D:4      | 1997 ||| Stepping ~*~*~tactically~*~*~ (outnumbered).
  1998 | D:4      | 1998 ||| Stepping ~*~*~tactically~*~*~ (outnumbered).
  1999 | D:4      | 1999 ||| Stepping ~*~*~tactically~*~*~ (outnumbered).
  2000 | D:4      | 2000 ||| Stepping ~*~*~tactically~*~*~ (outnumbered).
  2001 | D:4      | 2001 ||| Stepping ~*~*~tactically~*~*~ (outnumbered).
  2002 | D:4      | 2002 ||| Stepping ~*~*~tactically~*~*~ (outnumbered).
  2003 | D:4      | 2003 ||| Stepping ~*~*~tactically~*~*~ (outnumbered).
  2004 | D:4      | 2004 ||| Stepping ~*~*~tactically~*~*~ (outnumbered).
  2005 | D:4      | 2005 ||| Stepping ~*~*~tactically~*~*~ (outnumbered).
  2006 | D:4      | 2006 ||| Stepping ~*~*~tactically~*~*~ (outnumbered).
  2009 | D:4      | Reached skill level 6 in Unarmed Combat
  2048 | D:4      | Found a glowing golden altar of the Shining One.
  2066 | D:4      | Noticed an ice beast
  2072 | D:4      | Killed an ice beast
  2073 | D:4      | Reached skill level 7 in Unarmed Combat
  2073 | D:4      | Reached XP level 6. HP: 59/59 MP: 6/6
  2150 | D:4      | 2150 ||| Stepping ~*~*~tactically~*~*~ (outnumbered).
  2151 | D:4      | 2151 ||| Stepping ~*~*~tactically~*~*~ (outnumbered).
  2154 | D:4      | 2154 ||| Stepping ~*~*~tactically~*~*~ (outnumbered).
  2155 | D:4      | 2155 ||| Stepping ~*~*~tactically~*~*~ (outnumbered).
  2156 | D:4      | 2156 ||| Stepping ~*~*~tactically~*~*~ (hiding).
  2182 | D:4      | 2182 ||| Stepping ~*~*~tactically~*~*~ (stealth).
  2183 | D:4      | 2183 ||| Stepping ~*~*~tactically~*~*~ (stealth).
  2207 | D:4      | 2207 ||| Stepping ~*~*~tactically~*~*~ (outnumbered).
  2250 | D:4      | Reached skill level 8 in Unarmed Combat
  2397 | D:4      | 2397 ||| Stepping ~*~*~tactically~*~*~ (hiding).
  2621 | D:4      | 2621 ||| UPGRADING to +1 robe of fire resistance.
  2631 | D:4      | 2631 ||| DROPPING +0 robe.
  2655 | D:5      | Entered Level 5 of the Dungeon
  2678 | D:5      | 2678 ||| Stepping ~*~*~tactically~*~*~ (stealth).
  2683 | D:5      | 2683 ||| Stepping ~*~*~tactically~*~*~ (stealth).
  2687 | D:5      | 2687 ||| Stepping ~*~*~tactically~*~*~ (stealth).
  2688 | D:5      | 2688 ||| Stepping ~*~*~tactically~*~*~ (stealth).
  2693 | D:5      | 2693 ||| Stepping ~*~*~tactically~*~*~ (stealth).
  2737 | D:5      | Reached XP level 7. HP: 66/66 MP: 7/7
  3015 | D:5      | 3015 ||| Stepping ~*~*~tactically~*~*~ (outnumbered).
  3024 | D:5      | Reached skill level 3 in Fighting
  3024 | D:5      | 3024 ||| Stepping ~*~*~tactically~*~*~ (outnumbered).
  3209 | D:5      | 3209 ||| STAIRDANCE
  3215 | D:4      | 3215 ||| DROPPING +6 ring of intelligence.
  3216 | D:4      | 3216 ||| READING scroll labelled ACKOLI YNAMN.
  3217 | D:4      | 3217 ||| READING scroll labelled RAUHAOFUBEI.
  3432 | D:6      | 3432 ||| Stepping ~*~*~tactically~*~*~ (hiding).
  3433 | D:6      | 3433 ||| Stepping ~*~*~tactically~*~*~ (hiding).
  3434 | D:6      | 3434 ||| Stepping ~*~*~tactically~*~*~ (hiding).
  3436 | D:6      | Reached skill level 9 in Unarmed Combat
  3436 | D:6      | 3436 ||| Stepping ~*~*~tactically~*~*~ (hiding).
  3558 | D:6      | 3558 ||| INVOKING Fiery Armour.
  3560 | D:6      | 3560 ||| Stepping ~*~*~tactically~*~*~ (outnumbered).
  3561 | D:6      | 3561 ||| Stepping ~*~*~tactically~*~*~ (outnumbered).
  3568 | D:6      | Reached skill level 1 in Throwing
  3576 | D:6      | Reached skill level 1 in Dodging
  3612 | D:6      | Reached XP level 8. HP: 75/75 MP: 8/8
  3658 | D:6      | Found a staircase to the Ecumenical Temple.
  3681 | D:6      | 3681 ||| FLEEEEING.
  3682 | D:6      | 3682 ||| FLEEEEING.
  3683 | D:6      | 3683 ||| FLEEEEING.
  3697 | D:6      | 3697 ||| FLEEEEING.
  3698 | D:6      | 3698 ||| FLEEEEING.
  3732 | D:6      | 3732 ||| FLEEEEING.
  3733 | D:6      | 3733 ||| FLEEEEING.
  3734 | D:6      | 3734 ||| FLEEEEING.
  3899 | D:6      | 3899 ||| Stepping ~*~*~tactically~*~*~ (hiding).
  4027 | D:6      | 4027 ||| Stepping ~*~*~tactically~*~*~ (stealth).
  4030 | D:6      | 4030 ||| Stepping randomly (stuck).
  4031 | D:6      | 4031 ||| Stepping randomly (stuck).
  4033 | D:6      | 4033 ||| Stepping randomly (stuck).
  4035 | D:6      | 4035 ||| Stepping randomly (stuck).
  4037 | D:6      | 4037 ||| Stepping randomly (stuck).
  4039 | D:6      | 4039 ||| Stepping randomly (stuck).
  4040 | D:6      | 4040 ||| Stepping randomly (stuck).
  4041 | D:6      | 4041 ||| Stepping randomly (stuck).
  4042 | D:6      | 4042 ||| Stepping randomly (stuck).
  4043 | D:6      | 4043 ||| Stepping randomly (stuck).
  4044 | D:6      | 4044 ||| Stepping randomly (stuck).
  4045 | D:6      | 4045 ||| Stepping randomly (stuck).
  4046 | D:6      | 4046 ||| Stepping randomly (stuck).
  4047 | D:6      | 4047 ||| Stepping randomly (stuck).
  4048 | D:6      | 4048 ||| Stepping randomly (stuck).
  4049 | D:6      | 4049 ||| Stepping randomly (stuck).
  4050 | D:6      | 4050 ||| Stepping randomly (stuck).
  4051 | D:6      | 4051 ||| Stepping randomly (stuck).
  4052 | D:6      | 4052 ||| Stepping randomly (stuck).
  4053 | D:6      | 4053 ||| Stepping randomly (stuck).
  4054 | D:6      | 4054 ||| Stepping randomly (stuck).
  4055 | D:6      | 4055 ||| Stepping randomly (stuck).
  4056 | D:6      | 4056 ||| Stepping randomly (stuck).
  4057 | D:6      | 4057 ||| Stepping randomly (stuck).
  4058 | D:6      | 4058 ||| Stepping randomly (stuck).
  4059 | D:6      | 4059 ||| Stepping randomly (stuck).
  4060 | D:6      | 4060 ||| Stepping randomly (stuck).
  4061 | D:6      | 4061 ||| Stepping randomly (stuck).
  4062 | D:6      | 4062 ||| Stepping randomly (stuck).
  4063 | D:6      | 4063 ||| Stepping randomly (stuck).
  4064 | D:6      | 4064 ||| Stepping randomly (stuck).
  4065 | D:6      | 4065 ||| Stepping randomly (stuck).
  4066 | D:6      | 4066 ||| Stepping randomly (stuck).
  4067 | D:6      | 4067 ||| Stepping randomly (stuck).
  4068 | D:6      | 4068 ||| Stepping randomly (stuck).
  4069 | D:6      | 4069 ||| Stepping randomly (stuck).
  4070 | D:6      | 4070 ||| Stepping randomly (stuck).
  4071 | D:6      | 4071 ||| Stepping randomly (stuck).
  4072 | D:6      | 4072 ||| Stepping randomly (stuck).
  4073 | D:6      | 4073 ||| Stepping randomly (stuck).
  4075 | D:6      | 4075 ||| Stepping randomly (stuck).
  4076 | D:6      | 4076 ||| Stepping randomly (stuck).
  4077 | D:6      | 4077 ||| Stepping randomly (stuck).
  4078 | D:6      | 4078 ||| Stepping randomly (stuck).
  4079 | D:6      | 4079 ||| Stepping randomly (stuck).
  4080 | D:6      | 4080 ||| Stepping randomly (stuck).
  4081 | D:6      | 4081 ||| Stepping randomly (stuck).
  4082 | D:6      | 4082 ||| Stepping randomly (stuck).
  4083 | D:6      | 4083 ||| Stepping randomly (stuck).
  4084 | D:6      | 4084 ||| Stepping randomly (stuck).
  4085 | D:6      | 4085 ||| Stepping randomly (stuck).
  4086 | D:6      | 4086 ||| Stepping randomly (stuck).
  4087 | D:6      | 4087 ||| Stepping randomly (stuck).
  4088 | D:6      | 4088 ||| Stepping randomly (stuck).
  4089 | D:6      | 4089 ||| Stepping randomly (stuck).
  4090 | D:6      | 4090 ||| Stepping randomly (stuck).
  4091 | D:6      | 4091 ||| Stepping randomly (stuck).
  4092 | D:6      | 4092 ||| Stepping randomly (stuck).
  4093 | D:6      | 4093 ||| Stepping randomly (stuck).
  4094 | D:6      | 4094 ||| Stepping randomly (stuck).
  4095 | D:6      | 4095 ||| Stepping randomly (stuck).
  4096 | D:6      | 4096 ||| Stepping randomly (stuck).
  4097 | D:6      | 4097 ||| Stepping randomly (stuck).
  4098 | D:6      | 4098 ||| Stepping randomly (stuck).
  4099 | D:6      | 4099 ||| Stepping randomly (stuck).
  4100 | D:6      | 4100 ||| Stepping randomly (stuck).
  4101 | D:6      | 4101 ||| Stepping randomly (stuck).
  4102 | D:6      | 4102 ||| Stepping randomly (stuck).
  4130 | D:6      | 4130 ||| INVOKING Fiery Armour.
  4136 | D:6      | Reached skill level 10 in Unarmed Combat
  4265 | D:6      | 4265 ||| Stepping ~*~*~tactically~*~*~ (hiding).
  4266 | D:6      | 4266 ||| Stepping ~*~*~tactically~*~*~ (hiding).
  4271 | D:6      | 4271 ||| Stepping ~*~*~tactically~*~*~ (outnumbered).
  4272 | D:6      | 4272 ||| Stepping ~*~*~tactically~*~*~ (outnumbered).
  4273 | D:6      | 4273 ||| Stepping ~*~*~tactically~*~*~ (outnumbered).
  4274 | D:6      | 4274 ||| Stepping ~*~*~tactically~*~*~ (outnumbered).
  4325 | D:6      | You fall into a shaft and drop 1 floor!
  4400 | D:7      | Killed an unseen horror
  4430 | D:7      | 4430 ||| READING scroll labelled DER IDUOKY.
  4609 | D:6      | Reached XP level 9. HP: 78/87 MP: 9/9
  4735 | D:6      | 4735 ||| Stepping ~*~*~tactically~*~*~ (stealth).
  4751 | D:6      | 4751 ||| Stepping ~*~*~tactically~*~*~ (outnumbered).
  4784 | D:6      | 4784 ||| Stepping ~*~*~tactically~*~*~ (outnumbered).
  4794 | D:6      | 4794 ||| FLEEEEING.
  4804 | D:6      | 4804 ||| FLEEEEING.
  4822 | D:6      | 4822 ||| Stepping ~*~*~tactically~*~*~ (outnumbered).
  4824 | D:6      | 4824 ||| Stepping ~*~*~tactically~*~*~ (outnumbered).
  4829 | D:6      | 4829 ||| FLEEEEING.
  4865 | D:6      | 4865 ||| FLEEEEING.
  4893 | D:6      | 4893 ||| FLEEEEING.
  4916 | D:6      | 4916 ||| FLEEEEING.
  4941 | D:6      | 4941 ||| FLEEEEING.
  4969 | D:6      | 4969 ||| FLEEEEING.
  5006 | D:6      | 5006 ||| INVOKING Fiery Armour.
  5007 | D:6      | 5007 ||| FLEEEEING.
  5021 | D:6      | 5021 ||| FLEEEEING.
  5047 | D:6      | 5047 ||| Stepping ~*~*~tactically~*~*~ (outnumbered).
  5050 | D:6      | 5050 ||| Stepping ~*~*~tactically~*~*~ (outnumbered).
  5052 | D:6      | 5052 ||| Stepping ~*~*~tactically~*~*~ (outnumbered).
  5057 | D:6      | 5057 ||| Stepping ~*~*~tactically~*~*~ (outnumbered).
  5063 | D:6      | 5063 ||| FLEEEEING.
  5095 | D:6      | 5095 ||| FLEEEEING.
  5120 | D:6      | 5120 ||| INVOKING Fiery Armour.
  5121 | D:6      | 5121 ||| FLEEEEING.
  5144 | D:6      | 5144 ||| Stepping ~*~*~tactically~*~*~ (outnumbered).
  5152 | D:6      | 5152 ||| FLEEEEING.
  5163 | D:6      | 5163 ||| FLEEEEING.
  5189 | D:6      | 5189 ||| Stepping ~*~*~tactically~*~*~ (outnumbered).
  5192 | D:6      | 5192 ||| FLEEEEING.
  5206 | D:6      | 5206 ||| FLEEEEING.
  5234 | D:6      | 5234 ||| Stepping ~*~*~tactically~*~*~ (outnumbered).
  5236 | D:6      | 5236 ||| Stepping ~*~*~tactically~*~*~ (outnumbered).
  5238 | D:6      | 5238 ||| Stepping ~*~*~tactically~*~*~ (outnumbered).
  5240 | D:6      | 5240 ||| Stepping ~*~*~tactically~*~*~ (outnumbered).
  5242 | D:6      | 5242 ||| INVOKING Fiery Armour.
  5243 | D:6      | 5243 ||| Stepping ~*~*~tactically~*~*~ (outnumbered).
  5247 | D:6      | 5247 ||| FLEEEEING.
  5256 | D:6      | 5256 ||| Stepping ~*~*~tactically~*~*~ (outnumbered).
  5261 | D:6      | 5261 ||| Stepping ~*~*~tactically~*~*~ (outnumbered).
  5269 | D:6      | 5269 ||| FLEEEEING.
  5279 | D:6      | 5279 ||| Stepping ~*~*~tactically~*~*~ (outnumbered).
  5285 | D:6      | 5285 ||| Stepping ~*~*~tactically~*~*~ (outnumbered).
  5294 | D:6      | 5294 ||| Stepping ~*~*~tactically~*~*~ (outnumbered).
  5303 | D:6      | 5303 ||| Stepping ~*~*~tactically~*~*~ (outnumbered).
  5305 | D:6      | 5305 ||| Stepping ~*~*~tactically~*~*~ (outnumbered).
  5313 | D:6      | 5313 ||| Stepping ~*~*~tactically~*~*~ (outnumbered).
  5321 | D:6      | 5321 ||| FLEEEEING.
  5334 | D:6      | 5334 ||| Stepping ~*~*~tactically~*~*~ (outnumbered).
  5336 | D:6      | 5336 ||| FLEEEEING.
  5346 | D:6      | 5346 ||| Stepping ~*~*~tactically~*~*~ (outnumbered).
  5352 | D:6      | 5352 ||| FLEEEEING.
  5376 | D:6      | 5376 ||| FLEEEEING.
  5385 | D:6      | 5385 ||| INVOKING Fiery Armour.
  5386 | D:6      | 5386 ||| Stepping ~*~*~tactically~*~*~ (outnumbered).
  5388 | D:6      | 5388 ||| Stepping ~*~*~tactically~*~*~ (outnumbered).
  5397 | D:6      | 5397 ||| FLEEEEING.
  5406 | D:6      | 5406 ||| Stepping ~*~*~tactically~*~*~ (outnumbered).
  5408 | D:6      | 5408 ||| Stepping ~*~*~tactically~*~*~ (outnumbered).
  5410 | D:6      | 5410 ||| Stepping ~*~*~tactically~*~*~ (outnumbered).
  5412 | D:6      | 5412 ||| FLEEEEING.
  5422 | D:6      | 5422 ||| Stepping ~*~*~tactically~*~*~ (outnumbered).
  5424 | D:6      | 5424 ||| Stepping ~*~*~tactically~*~*~ (outnumbered).
  5427 | D:6      | 5427 ||| FLEEEEING.
  5438 | D:6      | 5438 ||| FLEEEEING.
  5454 | D:6      | 5454 ||| FLEEEEING.
  5470 | D:6      | 5470 ||| Stepping ~*~*~tactically~*~*~ (outnumbered).
  5476 | D:6      | 5476 ||| Stepping ~*~*~tactically~*~*~ (outnumbered).
  5481 | D:6      | 5481 ||| FLEEEEING.
  5493 | D:6      | 5493 ||| Stepping ~*~*~tactically~*~*~ (outnumbered).
  5495 | D:6      | 5495 ||| Stepping ~*~*~tactically~*~*~ (outnumbered).
  5502 | D:6      | 5502 ||| Stepping ~*~*~tactically~*~*~ (outnumbered).
  5506 | D:6      | 5506 ||| Stepping ~*~*~tactically~*~*~ (outnumbered).
  5508 | D:6      | 5508 ||| INVOKING Fiery Armour.
  5509 | D:6      | 5509 ||| Stepping ~*~*~tactically~*~*~ (outnumbered).
  5516 | D:6      | 5516 ||| FLEEEEING.
  5528 | D:6      | 5528 ||| Stepping ~*~*~tactically~*~*~ (outnumbered).
  5530 | D:6      | 5530 ||| Stepping ~*~*~tactically~*~*~ (outnumbered).
  5532 | D:6      | 5532 ||| Stepping ~*~*~tactically~*~*~ (outnumbered).
  5537 | D:6      | 5537 ||| FLEEEEING.
  5555 | D:6      | 5555 ||| FLEEEEING.
  5577 | D:6      | 5577 ||| Stepping ~*~*~tactically~*~*~ (outnumbered).
  5584 | D:6      | 5584 ||| FLEEEEING.
  5612 | D:6      | 5612 ||| Stepping ~*~*~tactically~*~*~ (outnumbered).
  5614 | D:6      | 5614 ||| Stepping ~*~*~tactically~*~*~ (outnumbered).
  5618 | D:6      | 5618 ||| FLEEEEING.
  5635 | D:6      | 5635 ||| FLEEEEING.
  5664 | D:6      | 5664 ||| FLEEEEING.
  5692 | D:6      | 5692 ||| FLEEEEING.
  5731 | D:6      | 5731 ||| FLEEEEING.
  5767 | D:6      | 5767 ||| FLEEEEING.
  5777 | D:6      | 5777 ||| FLEEEEING.
  5805 | D:6      | 5805 ||| INVOKING Fiery Armour.
  5806 | D:6      | 5806 ||| FLEEEEING.
  5818 | D:6      | 5818 ||| FLEEEEING.
  5841 | D:6      | 5841 ||| Stepping ~*~*~tactically~*~*~ (outnumbered).
  5850 | D:6      | 5850 ||| Stepping ~*~*~tactically~*~*~ (outnumbered).
  5856 | D:6      | 5856 ||| Stepping ~*~*~tactically~*~*~ (outnumbered).
  5858 | D:6      | 5858 ||| FLEEEEING.
  5872 | D:6      | 5872 ||| FLEEEEING.
  5895 | D:6      | 5895 ||| Stepping ~*~*~tactically~*~*~ (outnumbered).
  5897 | D:6      | 5897 ||| Stepping ~*~*~tactically~*~*~ (outnumbered).
  5900 | D:6      | 5900 ||| Stepping ~*~*~tactically~*~*~ (outnumbered).
  5902 | D:6      | 5902 ||| INVOKING Fiery Armour.
  5903 | D:6      | 5903 ||| FLEEEEING.
  5921 | D:6      | 5921 ||| FLEEEEING.
  5940 | D:6      | 5940 ||| Stepping ~*~*~tactically~*~*~ (outnumbered).
  5943 | D:6      | 5943 ||| Stepping ~*~*~tactically~*~*~ (outnumbered).
  5948 | D:6      | 5948 ||| FLEEEEING.
  5965 | D:6      | 5965 ||| FLEEEEING.
  5985 | D:6      | 5985 ||| FLEEEEING.
  5995 | D:6      | 5995 ||| Stepping ~*~*~tactically~*~*~ (outnumbered).
  5997 | D:6      | 5997 ||| Stepping ~*~*~tactically~*~*~ (outnumbered).
  6005 | D:6      | 6005 ||| Stepping ~*~*~tactically~*~*~ (outnumbered).
  6014 | D:6      | 6014 ||| FLEEEEING.
  6048 | D:6      | 6048 ||| INVOKING Fiery Armour.
  6049 | D:6      | 6049 ||| Stepping ~*~*~tactically~*~*~ (outnumbered).
  6053 | D:6      | 6053 ||| Stepping ~*~*~tactically~*~*~ (outnumbered).
  6061 | D:6      | 6061 ||| FLEEEEING.
  6100 | D:6      | 6100 ||| FLEEEEING.
  6111 | D:6      | 6111 ||| Stepping ~*~*~tactically~*~*~ (outnumbered).
  6113 | D:6      | 6113 ||| Stepping ~*~*~tactically~*~*~ (outnumbered).
  6121 | D:6      | 6121 ||| Stepping ~*~*~tactically~*~*~ (outnumbered).
  6127 | D:6      | 6127 ||| Stepping ~*~*~tactically~*~*~ (outnumbered).
  6131 | D:6      | 6131 ||| Stepping ~*~*~tactically~*~*~ (outnumbered).
  6135 | D:6      | 6135 ||| Stepping ~*~*~tactically~*~*~ (outnumbered).
  6137 | D:6      | 6137 ||| FLEEEEING.
  6147 | D:6      | 6147 ||| FLEEEEING.
  6190 | D:6      | 6190 ||| FLEEEEING.
  6223 | D:6      | 6223 ||| FLEEEEING.
  6252 | D:6      | 6252 ||| FLEEEEING.
  6280 | D:6      | 6280 ||| FLEEEEING.
  6292 | D:6      | 6292 ||| Stepping ~*~*~tactically~*~*~ (outnumbered).
  6301 | D:6      | 6301 ||| FLEEEEING.
  6331 | D:6      | 6331 ||| FLEEEEING.
  6359 | D:6      | 6359 ||| FLEEEEING.
  6373 | D:6      | 6373 ||| FLEEEEING.
  6392 | D:6      | 6392 ||| Stepping ~*~*~tactically~*~*~ (outnumbered).
  6395 | D:6      | 6395 ||| Stepping ~*~*~tactically~*~*~ (outnumbered).
  6403 | D:6      | 6403 ||| FLEEEEING.
  6415 | D:6      | 6415 ||| FLEEEEING.
  6425 | D:6      | 6425 ||| Stepping ~*~*~tactically~*~*~ (outnumbered).
  6431 | D:6      | 6431 ||| Stepping ~*~*~tactically~*~*~ (outnumbered).
  6440 | D:6      | 6440 ||| FLEEEEING.
  6458 | D:6      | 6458 ||| FLEEEEING.
  6482 | D:6      | 6482 ||| Stepping ~*~*~tactically~*~*~ (outnumbered).
  6484 | D:6      | 6484 ||| Stepping ~*~*~tactically~*~*~ (outnumbered).
  6487 | D:6      | 6487 ||| FLEEEEING.
  6503 | D:6      | 6503 ||| Stepping ~*~*~tactically~*~*~ (outnumbered).
  6505 | D:6      | 6505 ||| Stepping ~*~*~tactically~*~*~ (outnumbered).
  6507 | D:6      | 6507 ||| Stepping ~*~*~tactically~*~*~ (outnumbered).
  6511 | D:6      | 6511 ||| Stepping ~*~*~tactically~*~*~ (outnumbered).
  6516 | D:6      | 6516 ||| FLEEEEING.
  6539 | D:6      | 6539 ||| FLEEEEING.
  6555 | D:6      | 6555 ||| FLEEEEING.
  6590 | D:6      | 6590 ||| FLEEEEING.
  6600 | D:6      | 6600 ||| FLEEEEING.
  6620 | D:6      | 6620 ||| Stepping ~*~*~tactically~*~*~ (outnumbered).
  6628 | D:6      | 6628 ||| FLEEEEING.
  6659 | D:6      | 6659 ||| FLEEEEING.
  6671 | D:6      | 6671 ||| FLEEEEING.
  6684 | D:6      | 6684 ||| Stepping ~*~*~tactically~*~*~ (outnumbered).
  6692 | D:6      | 6692 ||| Stepping ~*~*~tactically~*~*~ (outnumbered).
  6697 | D:6      | 6697 ||| FLEEEEING.
  6712 | D:6      | 6712 ||| FLEEEEING.
  6724 | D:6      | 6724 ||| FLEEEEING.
  6744 | D:6      | 6744 ||| FLEEEEING.
  6761 | D:6      | 6761 ||| FLEEEEING.
  6785 | D:6      | 6785 ||| FLEEEEING.
  6816 | D:6      | 6816 ||| Stepping ~*~*~tactically~*~*~ (outnumbered).
  6818 | D:6      | 6818 ||| Stepping ~*~*~tactically~*~*~ (outnumbered).
  6820 | D:6      | 6820 ||| FLEEEEING.
  6835 | D:6      | 6835 ||| FLEEEEING.
  6849 | D:6      | 6849 ||| FLEEEEING.
  6869 | D:6      | 6869 ||| FLEEEEING.
  6897 | D:6      | 6897 ||| FLEEEEING.
  6906 | D:6      | 6906 ||| Stepping ~*~*~tactically~*~*~ (outnumbered).
  6909 | D:6      | 6909 ||| FLEEEEING.
  6935 | D:6      | 6935 ||| FLEEEEING.
  6966 | D:6      | 6966 ||| FLEEEEING.
  6995 | D:6      | 6995 ||| Stepping ~*~*~tactically~*~*~ (outnumbered).
  6997 | D:6      | 6997 ||| FLEEEEING.
  7032 | D:6      | 7032 ||| FLEEEEING.
  7056 | D:6      | 7056 ||| Stepping ~*~*~tactically~*~*~ (outnumbered).
  7061 | D:6      | 7061 ||| FLEEEEING.
  7081 | D:6      | 7081 ||| FLEEEEING.
  7128 | D:6      | 7128 ||| FLEEEEING.
  7139 | D:6      | 7139 ||| FLEEEEING.
  7168 | D:6      | 7168 ||| FLEEEEING.
  7184 | D:6      | 7184 ||| FLEEEEING.
  7212 | D:6      | 7212 ||| FLEEEEING.
  7240 | D:6      | 7240 ||| Stepping ~*~*~tactically~*~*~ (outnumbered).
  7248 | D:6      | 7248 ||| FLEEEEING.
  7261 | D:6      | 7261 ||| Stepping ~*~*~tactically~*~*~ (outnumbered).
  7270 | D:6      | 7270 ||| FLEEEEING.
  7283 | D:6      | 7283 ||| FLEEEEING.
  7312 | D:6      | 7312 ||| Stepping ~*~*~tactically~*~*~ (outnumbered).
  7320 | D:6      | 7320 ||| Stepping ~*~*~tactically~*~*~ (outnumbered).
  7322 | D:6      | 7322 ||| Stepping ~*~*~tactically~*~*~ (outnumbered).
  7325 | D:6      | 7325 ||| Stepping ~*~*~tactically~*~*~ (outnumbered).
  7331 | D:6      | 7331 ||| FLEEEEING.
  7365 | D:6      | 7365 ||| FLEEEEING.
  7381 | D:6      | 7381 ||| FLEEEEING.
  7405 | D:6      | 7405 ||| Stepping ~*~*~tactically~*~*~ (outnumbered).
  7407 | D:6      | 7407 ||| FLEEEEING.
  7419 | D:6      | 7419 ||| FLEEEEING.
  7451 | D:6      | 7451 ||| FLEEEEING.
  7473 | D:6      | 7473 ||| FLEEEEING.
  7488 | D:6      | 7488 ||| FLEEEEING.
  7517 | D:6      | 7517 ||| FLEEEEING.
  7542 | D:6      | 7542 ||| FLEEEEING.
  7554 | D:6      | 7554 ||| Stepping ~*~*~tactically~*~*~ (outnumbered).
  7556 | D:6      | 7556 ||| FLEEEEING.
  7589 | D:6      | 7589 ||| Stepping ~*~*~tactically~*~*~ (outnumbered).
  7598 | D:6      | 7598 ||| FLEEEEING.
  7631 | D:6      | 7631 ||| FLEEEEING.
  7663 | D:6      | 7663 ||| Stepping ~*~*~tactically~*~*~ (outnumbered).
  7665 | D:6      | 7665 ||| FLEEEEING.
  7692 | D:6      | 7692 ||| FLEEEEING.
  7706 | D:6      | 7706 ||| FLEEEEING.
  7737 | D:6      | 7737 ||| FLEEEEING.
  7769 | D:6      | 7769 ||| FLEEEEING.
  7790 | D:6      | 7790 ||| Stepping ~*~*~tactically~*~*~ (outnumbered).
  7792 | D:6      | 7792 ||| Stepping ~*~*~tactically~*~*~ (outnumbered).
  7794 | D:6      | 7794 ||| FLEEEEING.
  7815 | D:6      | 7815 ||| FLEEEEING.
  7843 | D:6      | 7843 ||| FLEEEEING.
  7855 | D:6      | 7855 ||| FLEEEEING.
  7891 | D:6      | 7891 ||| FLEEEEING.
  7907 | D:6      | 7907 ||| Stepping ~*~*~tactically~*~*~ (outnumbered).
  7912 | D:6      | 7912 ||| Stepping ~*~*~tactically~*~*~ (outnumbered).
  7916 | D:6      | 7916 ||| Stepping ~*~*~tactically~*~*~ (outnumbered).
  7918 | D:6      | 7918 ||| FLEEEEING.
  7946 | D:6      | 7946 ||| FLEEEEING.
  7957 | D:6      | 7957 ||| FLEEEEING.
  7987 | D:6      | 7987 ||| FLEEEEING.
  8026 | D:6      | 8026 ||| FLEEEEING.
  8035 | D:6      | 8035 ||| Stepping ~*~*~tactically~*~*~ (outnumbered).
  8044 | D:6      | 8044 ||| FLEEEEING.
  8065 | D:6      | 8065 ||| FLEEEEING.
  8083 | D:6      | 8083 ||| FLEEEEING.
  8117 | D:6      | 8117 ||| Stepping ~*~*~tactically~*~*~ (outnumbered).
  8121 | D:6      | 8121 ||| FLEEEEING.
  8144 | D:6      | 8144 ||| FLEEEEING.
  8177 | D:6      | 8177 ||| FLEEEEING.
  8210 | D:6      | 8210 ||| Stepping ~*~*~tactically~*~*~ (outnumbered).
  8217 | D:6      | 8217 ||| Stepping ~*~*~tactically~*~*~ (outnumbered).
  8225 | D:6      | 8225 ||| FLEEEEING.
  8242 | D:6      | 8242 ||| FLEEEEING.
  8288 | D:6      | 8288 ||| FLEEEEING.
  8310 | D:6      | 8310 ||| Stepping ~*~*~tactically~*~*~ (outnumbered).
  8317 | D:6      | 8317 ||| FLEEEEING.
  8333 | D:6      | 8333 ||| Stepping ~*~*~tactically~*~*~ (outnumbered).
  8342 | D:6      | 8342 ||| Stepping ~*~*~tactically~*~*~ (outnumbered).
  8349 | D:6      | 8349 ||| FLEEEEING.
  8358 | D:6      | 8358 ||| Stepping ~*~*~tactically~*~*~ (outnumbered).
  8365 | D:6      | 8365 ||| FLEEEEING.
  8398 | D:6      | 8398 ||| FLEEEEING.
  8417 | D:6      | 8417 ||| FLEEEEING.
  8448 | D:6      | 8448 ||| Stepping ~*~*~tactically~*~*~ (outnumbered).
  8455 | D:6      | 8455 ||| Stepping ~*~*~tactically~*~*~ (outnumbered).
  8460 | D:6      | 8460 ||| Stepping ~*~*~tactically~*~*~ (outnumbered).
  8462 | D:6      | 8462 ||| FLEEEEING.
  8490 | D:6      | 8490 ||| Stepping ~*~*~tactically~*~*~ (outnumbered).
  8498 | D:6      | 8498 ||| FLEEEEING.
  8513 | D:6      | 8513 ||| Stepping ~*~*~tactically~*~*~ (outnumbered).
  8519 | D:6      | 8519 ||| Stepping ~*~*~tactically~*~*~ (outnumbered).
  8521 | D:6      | 8521 ||| FLEEEEING.
  8536 | D:6      | 8536 ||| FLEEEEING.
  8560 | D:6      | 8560 ||| Stepping ~*~*~tactically~*~*~ (outnumbered).
  8566 | D:6      | 8566 ||| Stepping ~*~*~tactically~*~*~ (outnumbered).
  8575 | D:6      | 8575 ||| FLEEEEING.
  8597 | D:6      | 8597 ||| FLEEEEING.
  8632 | D:6      | 8632 ||| FLEEEEING.
  8644 | D:6      | 8644 ||| FLEEEEING.
  8673 | D:6      | 8673 ||| FLEEEEING.
  8714 | D:6      | 8714 ||| Stepping ~*~*~tactically~*~*~ (outnumbered).
  8719 | D:6      | 8719 ||| FLEEEEING.
  8736 | D:6      | 8736 ||| Stepping ~*~*~tactically~*~*~ (outnumbered).
  8738 | D:6      | 8738 ||| Stepping ~*~*~tactically~*~*~ (outnumbered).
  8747 | D:6      | 8747 ||| FLEEEEING.
  8762 | D:6      | 8762 ||| FLEEEEING.
  8778 | D:6      | 8778 ||| FLEEEEING.
  8792 | D:6      | 8792 ||| FLEEEEING.
  8815 | D:6      | 8815 ||| FLEEEEING.
  8833 | D:6      | 8833 ||| FLEEEEING.
  8880 | D:6      | 8880 ||| Stepping ~*~*~tactically~*~*~ (outnumbered).
  8882 | D:6      | 8882 ||| FLEEEEING.
  8900 | D:6      | 8900 ||| FLEEEEING.
  8917 | D:6      | 8917 ||| Stepping ~*~*~tactically~*~*~ (outnumbered).
  8919 | D:6      | 8919 ||| Stepping ~*~*~tactically~*~*~ (outnumbered).
  8924 | D:6      | 8924 ||| Stepping ~*~*~tactically~*~*~ (outnumbered).
  8932 | D:6      | 8932 ||| FLEEEEING.
  8964 | D:6      | 8964 ||| FLEEEEING.
  8991 | D:6      | 8991 ||| FLEEEEING.
  9011 | D:6      | 9011 ||| FLEEEEING.
  9041 | D:6      | 9041 ||| FLEEEEING.
  9076 | D:6      | 9076 ||| Stepping ~*~*~tactically~*~*~ (outnumbered).
  9084 | D:6      | 9084 ||| Stepping ~*~*~tactically~*~*~ (outnumbered).
  9086 | D:6      | 9086 ||| FLEEEEING.
  9106 | D:6      | 9106 ||| FLEEEEING.
  9128 | D:6      | 9128 ||| Stepping ~*~*~tactically~*~*~ (outnumbered).
  9130 | D:6      | 9130 ||| FLEEEEING.
  9161 | D:6      | 9161 ||| FLEEEEING.
  9193 | D:6      | 9193 ||| Stepping ~*~*~tactically~*~*~ (outnumbered).
  9197 | D:6      | 9197 ||| FLEEEEING.
  9240 | D:6      | 9240 ||| Stepping ~*~*~tactically~*~*~ (outnumbered).
  9246 | D:6      | 9246 ||| Stepping ~*~*~tactically~*~*~ (outnumbered).
  9250 | D:6      | 9250 ||| Stepping ~*~*~tactically~*~*~ (outnumbered).
  9252 | D:6      | 9252 ||| FLEEEEING.
  9284 | D:6      | 9284 ||| Stepping ~*~*~tactically~*~*~ (outnumbered).
  9289 | D:6      | 9289 ||| FLEEEEING.
  9311 | D:6      | 9311 ||| FLEEEEING.
  9325 | D:6      | 9325 ||| FLEEEEING.
  9367 | D:6      | 9367 ||| FLEEEEING.
  9401 | D:6      | 9401 ||| FLEEEEING.
  9429 | D:6      | 9429 ||| FLEEEEING.
  9438 | D:6      | 9438 ||| FLEEEEING.
  9483 | D:6      | 9483 ||| Stepping ~*~*~tactically~*~*~ (outnumbered).
  9485 | D:6      | 9485 ||| Stepping ~*~*~tactically~*~*~ (outnumbered).
  9487 | D:6      | 9487 ||| FLEEEEING.
  9499 | D:6      | 9499 ||| FLEEEEING.
  9535 | D:6      | 9535 ||| Stepping ~*~*~tactically~*~*~ (outnumbered).
  9543 | D:6      | 9543 ||| FLEEEEING.
  9553 | D:6      | 9553 ||| FLEEEEING.
  9562 | D:6      | 9562 ||| Stepping ~*~*~tactically~*~*~ (outnumbered).
  9571 | D:6      | 9571 ||| FLEEEEING.
  9601 | D:6      | 9601 ||| Stepping ~*~*~tactically~*~*~ (outnumbered).
  9603 | D:6      | 9603 ||| FLEEEEING.
  9614 | D:6      | 9614 ||| FLEEEEING.
  9626 | D:6      | 9626 ||| Stepping ~*~*~tactically~*~*~ (outnumbered).
  9633 | D:6      | 9633 ||| FLEEEEING.
  9643 | D:6      | 9643 ||| Stepping ~*~*~tactically~*~*~ (outnumbered).
  9647 | D:6      | 9647 ||| Stepping ~*~*~tactically~*~*~ (outnumbered).
  9649 | D:6      | 9649 ||| Stepping ~*~*~tactically~*~*~ (outnumbered).
  9651 | D:6      | 9651 ||| Stepping ~*~*~tactically~*~*~ (outnumbered).
  9656 | D:6      | 9656 ||| FLEEEEING.
  9685 | D:6      | 9685 ||| FLEEEEING.
  9709 | D:6      | 9709 ||| FLEEEEING.
  9729 | D:6      | 9729 ||| Stepping ~*~*~tactically~*~*~ (outnumbered).
  9736 | D:6      | 9736 ||| Stepping ~*~*~tactically~*~*~ (outnumbered).
  9738 | D:6      | 9738 ||| FLEEEEING.
  9774 | D:6      | 9774 ||| Stepping ~*~*~tactically~*~*~ (outnumbered).
  9781 | D:6      | 9781 ||| Stepping ~*~*~tactically~*~*~ (outnumbered).
  9783 | D:6      | 9783 ||| FLEEEEING.
  9814 | D:6      | 9814 ||| Stepping ~*~*~tactically~*~*~ (outnumbered).
  9822 | D:6      | 9822 ||| FLEEEEING.
  9860 | D:6      | 9860 ||| FLEEEEING.
  9892 | D:6      | 9892 ||| FLEEEEING.
  9904 | D:6      | 9904 ||| FLEEEEING.
  9913 | D:6      | 9913 ||| Stepping ~*~*~tactically~*~*~ (outnumbered).
  9915 | D:6      | 9915 ||| FLEEEEING.
  9947 | D:6      | 9947 ||| FLEEEEING.
  9960 | D:6      | 9960 ||| FLEEEEING.
  9978 | D:6      | 9978 ||| Stepping ~*~*~tactically~*~*~ (outnumbered).
  9986 | D:6      | 9986 ||| FLEEEEING.
 10004 | D:6      | 10004 ||| Stepping ~*~*~tactically~*~*~ (outnumbered).
 10012 | D:6      | 10012 ||| FLEEEEING.
 10043 | D:6      | 10043 ||| FLEEEEING.
 10083 | D:6      | 10083 ||| FLEEEEING.
 10099 | D:6      | 10099 ||| FLEEEEING.
 10129 | D:6      | 10129 ||| FLEEEEING.
 10138 | D:6      | 10138 ||| Stepping ~*~*~tactically~*~*~ (outnumbered).
 10141 | D:6      | 10141 ||| FLEEEEING.
 10176 | D:6      | 10176 ||| FLEEEEING.
 10198 | D:6      | 10198 ||| FLEEEEING.
 10227 | D:6      | 10227 ||| FLEEEEING.
 10247 | D:6      | 10247 ||| Stepping ~*~*~tactically~*~*~ (outnumbered).
 10249 | D:6      | 10249 ||| Stepping ~*~*~tactically~*~*~ (outnumbered).
 10251 | D:6      | 10251 ||| Stepping ~*~*~tactically~*~*~ (outnumbered).
 10259 | D:6      | 10259 ||| FLEEEEING.
 10287 | D:6      | 10287 ||| Stepping ~*~*~tactically~*~*~ (outnumbered).
 10292 | D:6      | 10292 ||| FLEEEEING.
 10311 | D:6      | 10311 ||| Stepping ~*~*~tactically~*~*~ (outnumbered).
 10319 | D:6      | 10319 ||| FLEEEEING.
 10333 | D:6      | 10333 ||| FLEEEEING.
 10361 | D:6      | 10361 ||| Stepping ~*~*~tactically~*~*~ (outnumbered).
 10363 | D:6      | 10363 ||| FLEEEEING.
 10405 | D:6      | 10405 ||| FLEEEEING.
 10440 | D:6      | 10440 ||| Stepping ~*~*~tactically~*~*~ (outnumbered).
 10449 | D:6      | 10449 ||| FLEEEEING.
 10490 | D:6      | 10490 ||| Stepping ~*~*~tactically~*~*~ (outnumbered).
 10492 | D:6      | 10492 ||| Stepping ~*~*~tactically~*~*~ (outnumbered).
 10494 | D:6      | 10494 ||| Stepping ~*~*~tactically~*~*~ (outnumbered).
 10496 | D:6      | 10496 ||| FLEEEEING.
 10509 | D:6      | 10509 ||| FLEEEEING.
 10544 | D:6      | 10544 ||| Stepping ~*~*~tactically~*~*~ (outnumbered).
 10552 | D:6      | 10552 ||| Stepping ~*~*~tactically~*~*~ (outnumbered).
 10554 | D:6      | 10554 ||| FLEEEEING.
 10568 | D:6      | 10568 ||| FLEEEEING.
 10584 | D:6      | 10584 ||| Stepping ~*~*~tactically~*~*~ (outnumbered).
 10586 | D:6      | 10586 ||| FLEEEEING.
 10612 | D:6      | 10612 ||| Stepping ~*~*~tactically~*~*~ (outnumbered).
 10615 | D:6      | 10615 ||| FLEEEEING.
 10637 | D:6      | 10637 ||| FLEEEEING.
 10647 | D:6      | 10647 ||| FLEEEEING.
 10679 | D:6      | 10679 ||| Stepping ~*~*~tactically~*~*~ (outnumbered).
 10687 | D:6      | 10687 ||| FLEEEEING.
 10705 | D:6      | 10705 ||| Stepping ~*~*~tactically~*~*~ (outnumbered).
 10711 | D:6      | 10711 ||| FLEEEEING.
 10737 | D:6      | 10737 ||| FLEEEEING.
 10751 | D:6      | 10751 ||| Stepping ~*~*~tactically~*~*~ (outnumbered).
 10754 | D:6      | 10754 ||| FLEEEEING.
 10784 | D:6      | 10784 ||| FLEEEEING.
 10810 | D:6      | 10810 ||| FLEEEEING.
 10828 | D:6      | 10828 ||| Stepping ~*~*~tactically~*~*~ (outnumbered).
 10833 | D:6      | 10833 ||| FLEEEEING.
 10843 | D:6      | 10843 ||| FLEEEEING.
 10855 | D:6      | 10855 ||| Stepping ~*~*~tactically~*~*~ (outnumbered).
 10862 | D:6      | 10862 ||| Stepping ~*~*~tactically~*~*~ (outnumbered).
 10869 | D:6      | 10869 ||| FLEEEEING.
 10894 | D:6      | 10894 ||| FLEEEEING.
 10922 | D:6      | 10922 ||| FLEEEEING.
 10950 | D:6      | 10950 ||| Stepping ~*~*~tactically~*~*~ (outnumbered).
 10952 | D:6      | 10952 ||| FLEEEEING.
 10991 | D:6      | 10991 ||| FLEEEEING.
 11003 | D:6      | 11003 ||| FLEEEEING.
 11033 | D:6      | 11033 ||| Stepping ~*~*~tactically~*~*~ (outnumbered).
 11042 | D:6      | 11042 ||| FLEEEEING.
 11061 | D:6      | 11061 ||| Stepping ~*~*~tactically~*~*~ (outnumbered).
 11067 | D:6      | 11067 ||| FLEEEEING.
 11085 | D:6      | 11085 ||| Stepping ~*~*~tactically~*~*~ (outnumbered).
 11093 | D:6      | 11093 ||| FLEEEEING.
 11105 | D:6      | 11105 ||| Stepping ~*~*~tactically~*~*~ (outnumbered).
 11109 | D:6      | 11109 ||| Stepping ~*~*~tactically~*~*~ (outnumbered).
 11114 | D:6      | 11114 ||| Stepping ~*~*~tactically~*~*~ (outnumbered).
 11116 | D:6      | 11116 ||| Stepping ~*~*~tactically~*~*~ (outnumbered).
 11118 | D:6      | 11118 ||| Stepping ~*~*~tactically~*~*~ (outnumbered).
 11127 | D:6      | 11127 ||| FLEEEEING.
 11155 | D:6      | 11155 ||| Stepping ~*~*~tactically~*~*~ (outnumbered).
 11163 | D:6      | 11163 ||| FLEEEEING.
 11181 | D:6      | 11181 ||| FLEEEEING.
 11193 | D:6      | 11193 ||| Stepping ~*~*~tactically~*~*~ (outnumbered).
 11202 | D:6      | 11202 ||| Stepping ~*~*~tactically~*~*~ (outnumbered).
 11204 | D:6      | 11204 ||| FLEEEEING.
 11220 | D:6      | 11220 ||| FLEEEEING.
 11256 | D:6      | 11256 ||| FLEEEEING.
 11282 | D:6      | 11282 ||| Stepping ~*~*~tactically~*~*~ (outnumbered).
 11284 | D:6      | 11284 ||| FLEEEEING.
 11300 | D:6      | 11300 ||| FLEEEEING.
 11317 | D:6      | 11317 ||| Stepping ~*~*~tactically~*~*~ (outnumbered).
 11325 | D:6      | 11325 ||| FLEEEEING.
 11355 | D:6      | 11355 ||| FLEEEEING.
 11396 | D:6      | 11396 ||| FLEEEEING.
 11407 | D:6      | 11407 ||| Stepping ~*~*~tactically~*~*~ (outnumbered).
 11413 | D:6      | 11413 ||| Stepping ~*~*~tactically~*~*~ (outnumbered).
 11420 | D:6      | 11420 ||| Stepping ~*~*~tactically~*~*~ (outnumbered).
 11428 | D:6      | 11428 ||| Stepping ~*~*~tactically~*~*~ (outnumbered).
 11430 | D:6      | 11430 ||| FLEEEEING.
 11452 | D:6      | 11452 ||| FLEEEEING.
 11478 | D:6      | 11478 ||| Stepping ~*~*~tactically~*~*~ (outnumbered).
 11481 | D:6      | 11481 ||| FLEEEEING.
 11511 | D:6      | 11511 ||| Stepping ~*~*~tactically~*~*~ (outnumbered).
 11513 | D:6      | 11513 ||| FLEEEEING.
 11535 | D:6      | 11535 ||| FLEEEEING.
 11551 | D:6      | 11551 ||| Stepping ~*~*~tactically~*~*~ (outnumbered).
 11559 | D:6      | 11559 ||| Stepping ~*~*~tactically~*~*~ (outnumbered).
 11567 | D:6      | 11567 ||| FLEEEEING.
 11597 | D:6      | 11597 ||| Stepping ~*~*~tactically~*~*~ (outnumbered).
 11606 | D:6      | 11606 ||| FLEEEEING.
 11618 | D:6      | 11618 ||| Stepping ~*~*~tactically~*~*~ (outnumbered).
 11620 | D:6      | 11620 ||| FLEEEEING.
 11632 | D:6      | 11632 ||| FLEEEEING.
 11662 | D:6      | 11662 ||| Stepping ~*~*~tactically~*~*~ (outnumbered).
 11669 | D:6      | 11669 ||| FLEEEEING.
 11681 | D:6      | 11681 ||| FLEEEEING.
 11693 | D:6      | 11693 ||| FLEEEEING.
 11735 | D:6      | 11735 ||| FLEEEEING.
 11745 | D:6      | 11745 ||| Stepping ~*~*~tactically~*~*~ (outnumbered).
 11747 | D:6      | 11747 ||| FLEEEEING.
 11764 | D:6      | 11764 ||| FLEEEEING.
 11780 | D:6      | 11780 ||| Stepping ~*~*~tactically~*~*~ (outnumbered).
 11789 | D:6      | 11789 ||| FLEEEEING.
 11814 | D:6      | 11814 ||| FLEEEEING.
 11828 | D:6      | 11828 ||| Stepping ~*~*~tactically~*~*~ (outnumbered).
 11836 | D:6      | 11836 ||| Stepping ~*~*~tactically~*~*~ (outnumbered).
 11843 | D:6      | 11843 ||| Stepping ~*~*~tactically~*~*~ (outnumbered).
 11852 | D:6      | 11852 ||| FLEEEEING.
 11884 | D:6      | 11884 ||| Stepping ~*~*~tactically~*~*~ (outnumbered).
 11892 | D:6      | 11892 ||| Stepping ~*~*~tactically~*~*~ (outnumbered).
 11894 | D:6      | 11894 ||| Stepping ~*~*~tactically~*~*~ (outnumbered).
 11896 | D:6      | 11896 ||| FLEEEEING.
 11919 | D:6      | 11919 ||| Stepping ~*~*~tactically~*~*~ (outnumbered).
 11924 | D:6      | 11924 ||| FLEEEEING.
 11937 | D:6      | 11937 ||| Stepping ~*~*~tactically~*~*~ (outnumbered).
 11939 | D:6      | 11939 ||| Stepping ~*~*~tactically~*~*~ (outnumbered).
 11943 | D:6      | 11943 ||| Stepping ~*~*~tactically~*~*~ (outnumbered).
 11951 | D:6      | 11951 ||| FLEEEEING.
 11986 | D:6      | 11986 ||| FLEEEEING.
 12031 | D:6      | 12031 ||| Stepping ~*~*~tactically~*~*~ (outnumbered).
 12040 | D:6      | 12040 ||| FLEEEEING.
 12060 | D:6      | 12060 ||| FLEEEEING.
 12072 | D:6      | 12072 ||| FLEEEEING.
 12087 | D:6      | 12087 ||| Stepping ~*~*~tactically~*~*~ (outnumbered).
 12089 | D:6      | 12089 ||| Stepping ~*~*~tactically~*~*~ (outnumbered).
 12094 | D:6      | 12094 ||| FLEEEEING.
 12126 | D:6      | 12126 ||| Stepping ~*~*~tactically~*~*~ (outnumbered).
 12128 | D:6      | 12128 ||| Stepping ~*~*~tactically~*~*~ (outnumbered).
 12131 | D:6      | 12131 ||| FLEEEEING.
 12163 | D:6      | 12163 ||| Stepping ~*~*~tactically~*~*~ (outnumbered).
 12167 | D:6      | 12167 ||| Stepping ~*~*~tactically~*~*~ (outnumbered).
 12169 | D:6      | 12169 ||| Stepping ~*~*~tactically~*~*~ (outnumbered).
 12178 | D:6      | 12178 ||| FLEEEEING.
 12187 | D:6      | 12187 ||| FLEEEEING.
 12211 | D:6      | 12211 ||| FLEEEEING.
 12229 | D:6      | 12229 ||| FLEEEEING.
 12238 | D:6      | 12238 ||| FLEEEEING.
 12258 | D:6      | 12258 ||| FLEEEEING.
 12274 | D:6      | 12274 ||| Stepping ~*~*~tactically~*~*~ (outnumbered).
 12277 | D:6      | 12277 ||| FLEEEEING.
 12312 | D:6      | 12312 ||| FLEEEEING.
 12330 | D:6      | 12330 ||| FLEEEEING.
 12352 | D:6      | 12352 ||| FLEEEEING.
 12365 | D:6      | 12365 ||| Stepping ~*~*~tactically~*~*~ (outnumbered).
 12369 | D:6      | 12369 ||| FLEEEEING.
 12396 | D:6      | 12396 ||| FLEEEEING.
 12426 | D:6      | 12426 ||| FLEEEEING.
 12441 | D:6      | 12441 ||| FLEEEEING.
 12453 | D:6      | 12453 ||| FLEEEEING.
 12488 | D:6      | 12488 ||| Stepping ~*~*~tactically~*~*~ (outnumbered).
 12492 | D:6      | 12492 ||| Stepping ~*~*~tactically~*~*~ (outnumbered).
 12494 | D:6      | 12494 ||| Stepping ~*~*~tactically~*~*~ (outnumbered).
 12496 | D:6      | 12496 ||| Stepping ~*~*~tactically~*~*~ (outnumbered).
 12503 | D:6      | 12503 ||| FLEEEEING.
 12517 | D:6      | 12517 ||| FLEEEEING.
 12531 | D:6      | 12531 ||| FLEEEEING.
 12561 | D:6      | 12561 ||| FLEEEEING.
 12583 | D:6      | 12583 ||| FLEEEEING.
 12597 | D:6      | 12597 ||| FLEEEEING.
 12614 | D:6      | 12614 ||| Stepping ~*~*~tactically~*~*~ (outnumbered).
 12616 | D:6      | 12616 ||| FLEEEEING.
 12632 | D:6      | 12632 ||| Stepping ~*~*~tactically~*~*~ (outnumbered).
 12637 | D:6      | 12637 ||| Stepping ~*~*~tactically~*~*~ (outnumbered).
 12639 | D:6      | 12639 ||| Stepping ~*~*~tactically~*~*~ (outnumbered).
 12647 | D:6      | 12647 ||| FLEEEEING.
 12687 | D:6      | 12687 ||| FLEEEEING.
 12697 | D:6      | 12697 ||| FLEEEEING.
 12712 | D:6      | 12712 ||| Stepping ~*~*~tactically~*~*~ (outnumbered).
 12717 | D:6      | 12717 ||| FLEEEEING.
 12744 | D:6      | 12744 ||| FLEEEEING.
 12767 | D:6      | 12767 ||| FLEEEEING.
 12786 | D:6      | 12786 ||| FLEEEEING.
 12796 | D:6      | 12796 ||| FLEEEEING.
 12813 | D:6      | 12813 ||| FLEEEEING.
 12843 | D:6      | 12843 ||| FLEEEEING.
 12853 | D:6      | 12853 ||| Stepping ~*~*~tactically~*~*~ (outnumbered).
 12855 | D:6      | 12855 ||| Stepping ~*~*~tactically~*~*~ (outnumbered).
 12858 | D:6      | 12858 ||| FLEEEEING.
 12868 | D:6      | 12868 ||| FLEEEEING.
 12908 | D:6      | 12908 ||| FLEEEEING.
 12920 | D:6      | 12920 ||| FLEEEEING.
 12933 | D:6      | 12933 ||| FLEEEEING.
 12943 | D:6      | 12943 ||| Stepping ~*~*~tactically~*~*~ (outnumbered).
 12945 | D:6      | 12945 ||| FLEEEEING.
 12981 | D:6      | 12981 ||| FLEEEEING.
 13012 | D:6      | 13012 ||| FLEEEEING.
 13022 | D:6      | 13022 ||| FLEEEEING.
 13056 | D:6      | 13056 ||| Stepping ~*~*~tactically~*~*~ (outnumbered).
 13058 | D:6      | 13058 ||| FLEEEEING.
 13084 | D:6      | 13084 ||| FLEEEEING.
 13096 | D:6      | 13096 ||| FLEEEEING.
 13125 | D:6      | 13125 ||| FLEEEEING.
 13156 | D:6      | 13156 ||| FLEEEEING.
 13188 | D:6      | 13188 ||| Stepping ~*~*~tactically~*~*~ (outnumbered).
 13192 | D:6      | 13192 ||| FLEEEEING.
 13202 | D:6      | 13202 ||| Stepping ~*~*~tactically~*~*~ (outnumbered).
 13204 | D:6      | 13204 ||| Stepping ~*~*~tactically~*~*~ (outnumbered).
 13206 | D:6      | 13206 ||| FLEEEEING.
 13216 | D:6      | 13216 ||| Stepping ~*~*~tactically~*~*~ (outnumbered).
 13218 | D:6      | 13218 ||| FLEEEEING.
 13247 | D:6      | 13247 ||| FLEEEEING.
 13268 | D:6      | 13268 ||| FLEEEEING.
 13280 | D:6      | 13280 ||| FLEEEEING.
 13294 | D:6      | 13294 ||| FLEEEEING.
 13319 | D:6      | 13319 ||| Stepping ~*~*~tactically~*~*~ (outnumbered).
 13327 | D:6      | 13327 ||| FLEEEEING.
 13369 | D:6      | 13369 ||| FLEEEEING.
 13399 | D:6      | 13399 ||| Stepping ~*~*~tactically~*~*~ (outnumbered).
 13405 | D:6      | 13405 ||| Stepping ~*~*~tactically~*~*~ (outnumbered).
 13414 | D:6      | 13414 ||| Stepping ~*~*~tactically~*~*~ (outnumbered).
 13419 | D:6      | 13419 ||| Stepping ~*~*~tactically~*~*~ (outnumbered).
 13421 | D:6      | 13421 ||| Stepping ~*~*~tactically~*~*~ (outnumbered).
 13423 | D:6      | 13423 ||| FLEEEEING.
 13456 | D:6      | 13456 ||| Stepping ~*~*~tactically~*~*~ (outnumbered).
 13463 | D:6      | 13463 ||| FLEEEEING.
 13508 | D:6      | 13508 ||| FLEEEEING.
 13530 | D:6      | 13530 ||| FLEEEEING.
 13561 | D:6      | 13561 ||| Stepping ~*~*~tactically~*~*~ (outnumbered).
 13563 | D:6      | 13563 ||| FLEEEEING.
 13601 | D:6      | 13601 ||| FLEEEEING.
 13636 | D:6      | 13636 ||| FLEEEEING.
 13656 | D:6      | 13656 ||| Stepping ~*~*~tactically~*~*~ (outnumbered).
 13662 | D:6      | 13662 ||| Stepping ~*~*~tactically~*~*~ (outnumbered).
 13664 | D:6      | 13664 ||| FLEEEEING.
 13674 | D:6      | 13674 ||| FLEEEEING.
 13683 | D:6      | 13683 ||| FLEEEEING.
 13709 | D:6      | 13709 ||| FLEEEEING.
 13737 | D:6      | 13737 ||| FLEEEEING.
 13759 | D:6      | 13759 ||| FLEEEEING.
 13769 | D:6      | 13769 ||| FLEEEEING.
 13788 | D:6      | 13788 ||| Stepping ~*~*~tactically~*~*~ (outnumbered).
 13790 | D:6      | 13790 ||| FLEEEEING.
 13821 | D:6      | 13821 ||| Stepping ~*~*~tactically~*~*~ (outnumbered).
 13830 | D:6      | 13830 ||| Stepping ~*~*~tactically~*~*~ (outnumbered).
 13832 | D:6      | 13832 ||| FLEEEEING.
 13844 | D:6      | 13844 ||| Stepping ~*~*~tactically~*~*~ (outnumbered).
 13853 | D:6      | 13853 ||| FLEEEEING.
 13869 | D:6      | 13869 ||| Stepping ~*~*~tactically~*~*~ (outnumbered).
 13874 | D:6      | 13874 ||| FLEEEEING.
 13883 | D:6      | 13883 ||| Stepping ~*~*~tactically~*~*~ (outnumbered).
 13887 | D:6      | 13887 ||| Stepping ~*~*~tactically~*~*~ (outnumbered).
 13889 | D:6      | 13889 ||| Stepping ~*~*~tactically~*~*~ (outnumbered).
 13897 | D:6      | 13897 ||| Stepping ~*~*~tactically~*~*~ (outnumbered).
 13906 | D:6      | 13906 ||| FLEEEEING.
 13934 | D:6      | 13934 ||| FLEEEEING.
 13950 | D:6      | 13950 ||| Stepping ~*~*~tactically~*~*~ (outnumbered).
 13955 | D:6      | 13955 ||| FLEEEEING.
 13965 | D:6      | 13965 ||| FLEEEEING.
 13995 | D:6      | 13995 ||| Stepping ~*~*~tactically~*~*~ (outnumbered).
 13997 | D:6      | 13997 ||| Stepping ~*~*~tactically~*~*~ (outnumbered).
 13999 | D:6      | 13999 ||| FLEEEEING.
 14008 | D:6      | 14008 ||| Stepping ~*~*~tactically~*~*~ (outnumbered).
 14012 | D:6      | 14012 ||| Stepping ~*~*~tactically~*~*~ (outnumbered).
 14014 | D:6      | 14014 ||| Stepping ~*~*~tactically~*~*~ (outnumbered).
 14016 | D:6      | 14016 ||| Stepping ~*~*~tactically~*~*~ (outnumbered).
 14019 | D:6      | 14019 ||| FLEEEEING.
 14064 | D:6      | 14064 ||| Stepping ~*~*~tactically~*~*~ (outnumbered).
 14073 | D:6      | 14073 ||| FLEEEEING.
 14103 | D:6      | 14103 ||| Stepping ~*~*~tactically~*~*~ (outnumbered).
 14105 | D:6      | 14105 ||| FLEEEEING.
 14142 | D:6      | 14142 ||| FLEEEEING.
 14172 | D:6      | 14172 ||| FLEEEEING.
 14187 | D:6      | 14187 ||| Stepping ~*~*~tactically~*~*~ (outnumbered).
 14189 | D:6      | 14189 ||| Stepping ~*~*~tactically~*~*~ (outnumbered).
 14196 | D:6      | 14196 ||| FLEEEEING.
 14206 | D:6      | 14206 ||| Stepping ~*~*~tactically~*~*~ (outnumbered).
 14215 | D:6      | 14215 ||| FLEEEEING.
 14233 | D:6      | 14233 ||| FLEEEEING.
 14262 | D:6      | 14262 ||| FLEEEEING.
 14291 | D:6      | 14291 ||| FLEEEEING.
 14311 | D:6      | 14311 ||| Stepping ~*~*~tactically~*~*~ (outnumbered).
 14319 | D:6      | 14319 ||| FLEEEEING.
 14361 | D:6      | 14361 ||| Stepping ~*~*~tactically~*~*~ (outnumbered).
 14363 | D:6      | 14363 ||| FLEEEEING.
 14390 | D:6      | 14390 ||| FLEEEEING.
 14404 | D:6      | 14404 ||| Stepping ~*~*~tactically~*~*~ (outnumbered).
 14409 | D:6      | 14409 ||| FLEEEEING.
 14449 | D:6      | 14449 ||| FLEEEEING.
 14480 | D:6      | 14480 ||| FLEEEEING.
 14514 | D:6      | 14514 ||| FLEEEEING.
 14526 | D:6      | 14526 ||| FLEEEEING.
 14560 | D:6      | 14560 ||| Stepping ~*~*~tactically~*~*~ (outnumbered).
 14567 | D:6      | 14567 ||| Stepping ~*~*~tactically~*~*~ (outnumbered).
 14573 | D:6      | 14573 ||| FLEEEEING.
 14611 | D:6      | 14611 ||| FLEEEEING.
 14631 | D:6      | 14631 ||| FLEEEEING.
 14662 | D:6      | 14662 ||| Stepping ~*~*~tactically~*~*~ (outnumbered).
 14670 | D:6      | 14670 ||| Stepping ~*~*~tactically~*~*~ (outnumbered).
 14672 | D:6      | 14672 ||| Stepping ~*~*~tactically~*~*~ (outnumbered).
 14674 | D:6      | 14674 ||| Stepping ~*~*~tactically~*~*~ (outnumbered).
 14680 | D:6      | 14680 ||| Stepping ~*~*~tactically~*~*~ (outnumbered).
 14682 | D:6      | 14682 ||| FLEEEEING.
 14714 | D:6      | 14714 ||| Stepping ~*~*~tactically~*~*~ (outnumbered).
 14722 | D:6      | 14722 ||| FLEEEEING.
 14731 | D:6      | 14731 ||| FLEEEEING.
 14761 | D:6      | 14761 ||| FLEEEEING.
 14779 | D:6      | 14779 ||| FLEEEEING.
 14795 | D:6      | 14795 ||| FLEEEEING.
 14812 | D:6      | 14812 ||| Stepping ~*~*~tactically~*~*~ (outnumbered).
 14815 | D:6      | 14815 ||| Stepping ~*~*~tactically~*~*~ (outnumbered).
 14823 | D:6      | 14823 ||| FLEEEEING.
 14851 | D:6      | 14851 ||| FLEEEEING.
 14889 | D:6      | 14889 ||| FLEEEEING.
 14917 | D:6      | 14917 ||| Stepping ~*~*~tactically~*~*~ (outnumbered).
 14922 | D:6      | 14922 ||| Stepping ~*~*~tactically~*~*~ (outnumbered).
 14930 | D:6      | 14930 ||| Stepping ~*~*~tactically~*~*~ (outnumbered).
 14934 | D:6      | 14934 ||| Stepping ~*~*~tactically~*~*~ (outnumbered).
 14937 | D:6      | 14937 ||| Stepping ~*~*~tactically~*~*~ (outnumbered).
 14942 | D:6      | 14942 ||| FLEEEEING.
 14952 | D:6      | 14952 ||| Stepping ~*~*~tactically~*~*~ (outnumbered).
 14954 | D:6      | 14954 ||| FLEEEEING.
 14963 | D:6      | 14963 ||| FLEEEEING.
 14979 | D:6      | 14979 ||| FLEEEEING.
 14999 | D:6      | 14999 ||| Stepping ~*~*~tactically~*~*~ (outnumbered).
 15003 | D:6      | 15003 ||| FLEEEEING.
 15025 | D:6      | 15025 ||| FLEEEEING.
 15034 | D:6      | 15034 ||| FLEEEEING.
 15048 | D:6      | 15048 ||| FLEEEEING.
 15057 | D:6      | 15057 ||| FLEEEEING.
 15088 | D:6      | 15088 ||| Stepping ~*~*~tactically~*~*~ (outnumbered).
 15094 | D:6      | 15094 ||| FLEEEEING.
 15115 | D:6      | 15115 ||| FLEEEEING.
 15137 | D:6      | 15137 ||| FLEEEEING.
 15155 | D:6      | 15155 ||| Stepping ~*~*~tactically~*~*~ (outnumbered).
 15157 | D:6      | 15157 ||| FLEEEEING.
 15186 | D:6      | 15186 ||| FLEEEEING.
 15216 | D:6      | 15216 ||| Stepping ~*~*~tactically~*~*~ (outnumbered).
 15218 | D:6      | 15218 ||| FLEEEEING.
 15241 | D:6      | 15241 ||| FLEEEEING.
 15257 | D:6      | 15257 ||| FLEEEEING.
 15285 | D:6      | 15285 ||| FLEEEEING.
 15313 | D:6      | 15313 ||| FLEEEEING.
 15353 | D:6      | 15353 ||| FLEEEEING.
 15364 | D:6      | 15364 ||| Stepping ~*~*~tactically~*~*~ (outnumbered).
 15369 | D:6      | 15369 ||| Stepping ~*~*~tactically~*~*~ (outnumbered).
 15374 | D:6      | 15374 ||| Stepping ~*~*~tactically~*~*~ (outnumbered).
 15376 | D:6      | 15376 ||| Stepping ~*~*~tactically~*~*~ (outnumbered).
 15378 | D:6      | 15378 ||| Stepping ~*~*~tactically~*~*~ (outnumbered).
 15384 | D:6      | 15384 ||| Stepping ~*~*~tactically~*~*~ (outnumbered).
 15393 | D:6      | 15393 ||| Stepping ~*~*~tactically~*~*~ (outnumbered).
 15398 | D:6      | 15398 ||| FLEEEEING.
 15441 | D:6      | 15441 ||| FLEEEEING.
 15466 | D:6      | 15466 ||| FLEEEEING.
 15467 | D:6      | 15467 ||| FLEEEEING.
 15561 | D:6      | 15561 ||| FLEEEEING.
 15562 | D:6      | 15562 ||| FLEEEEING.
 15563 | D:6      | 15563 ||| FLEEEEING.
 15583 | D:6      | 15583 ||| FLEEEEING.
 15594 | D:6      | 15594 ||| FLEEEEING.
 15595 | D:6      | 15595 ||| FLEEEEING.
 15647 | D:6      | 15647 ||| FLEEEEING.
 15664 | D:6      | 15664 ||| FLEEEEING.
 15665 | D:6      | 15665 ||| FLEEEEING.
 15704 | D:6      | 15704 ||| FLEEEEING.
 15705 | D:6      | 15705 ||| FLEEEEING.
 15738 | D:6      | 15738 ||| FLEEEEING.
 15739 | D:6      | 15739 ||| FLEEEEING.
 15779 | D:6      | 15779 ||| FLEEEEING.
 15800 | D:6      | 15800 ||| FLEEEEING.
 15801 | D:6      | 15801 ||| FLEEEEING.
 15811 | D:6      | 15811 ||| FLEEEEING.
 15812 | D:6      | 15812 ||| FLEEEEING.
 15847 | D:6      | 15847 ||| FLEEEEING.
 15848 | D:6      | 15848 ||| FLEEEEING.
 15861 | D:6      | 15861 ||| FLEEEEING.
 15895 | D:6      | 15895 ||| FLEEEEING.
 15896 | D:6      | 15896 ||| FLEEEEING.
 15921 | D:6      | 15921 ||| FLEEEEING.
 15922 | D:6      | 15922 ||| FLEEEEING.
 15960 | D:6      | 15960 ||| FLEEEEING.
 15971 | D:6      | 15971 ||| FLEEEEING.
 15983 | D:6      | 15983 ||| FLEEEEING.
 15984 | D:6      | 15984 ||| FLEEEEING.
 16014 | D:6      | 16014 ||| FLEEEEING.
 16029 | D:6      | 16029 ||| FLEEEEING.
 16030 | D:6      | 16030 ||| FLEEEEING.
 16091 | D:6      | 16091 ||| FLEEEEING.
 16106 | D:6      | 16106 ||| FLEEEEING.
 16109 | D:6      | 16109 ||| FLEEEEING.
 16128 | D:6      | 16128 ||| FLEEEEING.
 16129 | D:6      | 16129 ||| FLEEEEING.
 16143 | D:6      | 16143 ||| FLEEEEING.
 16165 | D:6      | 16165 ||| FLEEEEING.
 16166 | D:6      | 16166 ||| FLEEEEING.
 16178 | D:6      | 16178 ||| FLEEEEING.
 16189 | D:6      | 16189 ||| FLEEEEING.
 16199 | D:6      | 16199 ||| FLEEEEING.
 16219 | D:6      | 16219 ||| FLEEEEING.
 16235 | D:6      | 16235 ||| FLEEEEING.
 16236 | D:6      | 16236 ||| FLEEEEING.
 16237 | D:6      | 16237 ||| FLEEEEING.
 16279 | D:6      | 16279 ||| FLEEEEING.
 16280 | D:6      | 16280 ||| FLEEEEING.
 16291 | D:6      | 16291 ||| FLEEEEING.
 16292 | D:6      | 16292 ||| FLEEEEING.
 16329 | D:6      | 16329 ||| FLEEEEING.
 16330 | D:6      | 16330 ||| FLEEEEING.
 16367 | D:6      | 16367 ||| FLEEEEING.
 16396 | D:6      | 16396 ||| FLEEEEING.
 16397 | D:6      | 16397 ||| FLEEEEING.
 16429 | D:6      | 16429 ||| FLEEEEING.
 16430 | D:6      | 16430 ||| FLEEEEING.
 16431 | D:6      | 16431 ||| FLEEEEING.
 16488 | D:6      | 16488 ||| FLEEEEING.
 16489 | D:6      | 16489 ||| FLEEEEING.
 16517 | D:6      | 16517 ||| FLEEEEING.
 16533 | D:6      | 16533 ||| FLEEEEING.
 16534 | D:6      | 16534 ||| FLEEEEING.
 16535 | D:6      | 16535 ||| FLEEEEING.
 16597 | D:6      | 16597 ||| FLEEEEING.
 16609 | D:6      | 16609 ||| FLEEEEING.
 16610 | D:6      | 16610 ||| FLEEEEING.
 16635 | D:6      | 16635 ||| FLEEEEING.
 16636 | D:6      | 16636 ||| FLEEEEING.
 16667 | D:6      | 16667 ||| FLEEEEING.
 16668 | D:6      | 16668 ||| FLEEEEING.
 16708 | D:6      | 16708 ||| FLEEEEING.
 16709 | D:6      | 16709 ||| FLEEEEING.
 16726 | D:6      | 16726 ||| FLEEEEING.
 16727 | D:6      | 16727 ||| FLEEEEING.
 16763 | D:6      | 16763 ||| FLEEEEING.
 16776 | D:6      | 16776 ||| FLEEEEING.
 16777 | D:6      | 16777 ||| FLEEEEING.
 16804 | D:6      | 16804 ||| FLEEEEING.
 16805 | D:6      | 16805 ||| FLEEEEING.
 16840 | D:6      | 16840 ||| FLEEEEING.
 16841 | D:6      | 16841 ||| FLEEEEING.
 16862 | D:6      | 16862 ||| FLEEEEING.
 16863 | D:6      | 16863 ||| FLEEEEING.
 16906 | D:6      | 16906 ||| FLEEEEING.
 16918 | D:6      | 16918 ||| FLEEEEING.
 16919 | D:6      | 16919 ||| FLEEEEING.
 16966 | D:6      | 16966 ||| FLEEEEING.
 16967 | D:6      | 16967 ||| FLEEEEING.
 16993 | D:6      | 16993 ||| FLEEEEING.
 16994 | D:6      | 16994 ||| FLEEEEING.
 17010 | D:6      | 17010 ||| FLEEEEING.
 17011 | D:6      | 17011 ||| FLEEEEING.
 17028 | D:6      | 17028 ||| FLEEEEING.
 17029 | D:6      | 17029 ||| FLEEEEING.
 17043 | D:6      | 17043 ||| FLEEEEING.
 17060 | D:6      | 17060 ||| FLEEEEING.
 17061 | D:6      | 17061 ||| FLEEEEING.
 17115 | D:6      | 17115 ||| FLEEEEING.
 17116 | D:6      | 17116 ||| FLEEEEING.
 17141 | D:6      | 17141 ||| FLEEEEING.
 17155 | D:6      | 17155 ||| FLEEEEING.
 17172 | D:6      | 17172 ||| FLEEEEING.
 17173 | D:6      | 17173 ||| FLEEEEING.
 17199 | D:6      | 17199 ||| FLEEEEING.
 17200 | D:6      | 17200 ||| FLEEEEING.
 17234 | D:6      | 17234 ||| FLEEEEING.
 17257 | D:6      | 17257 ||| FLEEEEING.
 17258 | D:6      | 17258 ||| FLEEEEING.
 17259 | D:6      | 17259 ||| FLEEEEING.
 17295 | D:6      | 17295 ||| FLEEEEING.
 17320 | D:6      | 17320 ||| FLEEEEING.
 17349 | D:6      | 17349 ||| FLEEEEING.
 17350 | D:6      | 17350 ||| FLEEEEING.
 17380 | D:6      | 17380 ||| FLEEEEING.
 17381 | D:6      | 17381 ||| FLEEEEING.
 17412 | D:6      | 17412 ||| FLEEEEING.
 17427 | D:6      | 17427 ||| FLEEEEING.
 17428 | D:6      | 17428 ||| FLEEEEING.
 17464 | D:6      | 17464 ||| FLEEEEING.
 17484 | D:6      | 17484 ||| FLEEEEING.
 17500 | D:6      | 17500 ||| FLEEEEING.
 17501 | D:6      | 17501 ||| FLEEEEING.
 17534 | D:6      | 17534 ||| FLEEEEING.
 17548 | D:6      | 17548 ||| FLEEEEING.
 17559 | D:6      | 17559 ||| FLEEEEING.
 17560 | D:6      | 17560 ||| FLEEEEING.
 17590 | D:6      | 17590 ||| FLEEEEING.
 17591 | D:6      | 17591 ||| FLEEEEING.
 17606 | D:6      | 17606 ||| FLEEEEING.
 17607 | D:6      | 17607 ||| FLEEEEING.
 17644 | D:6      | 17644 ||| FLEEEEING.
 17645 | D:6      | 17645 ||| FLEEEEING.
 17664 | D:6      | 17664 ||| FLEEEEING.
 17684 | D:6      | 17684 ||| FLEEEEING.
 17713 | D:6      | 17713 ||| FLEEEEING.
 17734 | D:6      | 17734 ||| FLEEEEING.
 17735 | D:6      | 17735 ||| FLEEEEING.
 17766 | D:6      | 17766 ||| FLEEEEING.
 17767 | D:6      | 17767 ||| FLEEEEING.
 17795 | D:6      | 17795 ||| FLEEEEING.
 17806 | D:6      | 17806 ||| FLEEEEING.
 17807 | D:6      | 17807 ||| FLEEEEING.
 17840 | D:6      | 17840 ||| FLEEEEING.
 17861 | D:6      | 17861 ||| FLEEEEING.
 17886 | D:6      | 17886 ||| FLEEEEING.
 17898 | D:6      | 17898 ||| FLEEEEING.
 17911 | D:6      | 17911 ||| FLEEEEING.
 17912 | D:6      | 17912 ||| FLEEEEING.
 17913 | D:6      | 17913 ||| FLEEEEING.
 17914 | D:6      | 17914 ||| FLEEEEING.
 17915 | D:6      | 17915 ||| FLEEEEING.
 17974 | D:6      | 17974 ||| FLEEEEING.
 18003 | D:6      | 18003 ||| FLEEEEING.
 18004 | D:6      | 18004 ||| FLEEEEING.
 18014 | D:6      | 18014 ||| FLEEEEING.
 18015 | D:6      | 18015 ||| FLEEEEING.
 18041 | D:6      | 18041 ||| FLEEEEING.
 18042 | D:6      | 18042 ||| FLEEEEING.
 18080 | D:6      | 18080 ||| FLEEEEING.
 18081 | D:6      | 18081 ||| FLEEEEING.
 18118 | D:6      | 18118 ||| FLEEEEING.
 18138 | D:6      | 18138 ||| FLEEEEING.
 18164 | D:6      | 18164 ||| FLEEEEING.
 18182 | D:6      | 18182 ||| FLEEEEING.
 18199 | D:6      | 18199 ||| FLEEEEING.
 18200 | D:6      | 18200 ||| FLEEEEING.
 18201 | D:6      | 18201 ||| FLEEEEING.
 18245 | D:6      | 18245 ||| FLEEEEING.
 18264 | D:6      | 18264 ||| FLEEEEING.
 18275 | D:6      | 18275 ||| FLEEEEING.
 18276 | D:6      | 18276 ||| FLEEEEING.
 18296 | D:6      | 18296 ||| FLEEEEING.
 18297 | D:6      | 18297 ||| FLEEEEING.
 18298 | D:6      | 18298 ||| FLEEEEING.
 18340 | D:6      | 18340 ||| FLEEEEING.
 18341 | D:6      | 18341 ||| FLEEEEING.
 18372 | D:6      | 18372 ||| FLEEEEING.
 18373 | D:6      | 18373 ||| FLEEEEING.
 18414 | D:6      | 18414 ||| FLEEEEING.
 18415 | D:6      | 18415 ||| FLEEEEING.
 18444 | D:6      | 18444 ||| FLEEEEING.
 18445 | D:6      | 18445 ||| FLEEEEING.
 18467 | D:6      | 18467 ||| FLEEEEING.
 18468 | D:6      | 18468 ||| FLEEEEING.
 18481 | D:6      | 18481 ||| FLEEEEING.
 18482 | D:6      | 18482 ||| FLEEEEING.
 18483 | D:6      | 18483 ||| FLEEEEING.
 18521 | D:6      | 18521 ||| FLEEEEING.
 18536 | D:6      | 18536 ||| FLEEEEING.
 18537 | D:6      | 18537 ||| FLEEEEING.
 18564 | D:6      | 18564 ||| FLEEEEING.
 18565 | D:6      | 18565 ||| FLEEEEING.
 18598 | D:6      | 18598 ||| FLEEEEING.
 18599 | D:6      | 18599 ||| FLEEEEING.
 18629 | D:6      | 18629 ||| FLEEEEING.
 18630 | D:6      | 18630 ||| FLEEEEING.
 18651 | D:6      | 18651 ||| FLEEEEING.
 18668 | D:6      | 18668 ||| FLEEEEING.
 18693 | D:6      | 18693 ||| FLEEEEING.
 18694 | D:6      | 18694 ||| FLEEEEING.
 18727 | D:6      | 18727 ||| FLEEEEING.
 18748 | D:6      | 18748 ||| FLEEEEING.
 18749 | D:6      | 18749 ||| FLEEEEING.
 18794 | D:6      | 18794 ||| FLEEEEING.
 18830 | D:6      | 18830 ||| FLEEEEING.
 18861 | D:6      | 18861 ||| FLEEEEING.
 18875 | D:6      | 18875 ||| FLEEEEING.
 18886 | D:6      | 18886 ||| FLEEEEING.
 18923 | D:6      | 18923 ||| FLEEEEING.
 18924 | D:6      | 18924 ||| FLEEEEING.
 18925 | D:6      | 18925 ||| FLEEEEING.
 18965 | D:6      | 18965 ||| FLEEEEING.
 18979 | D:6      | 18979 ||| FLEEEEING.
 18980 | D:6      | 18980 ||| FLEEEEING.
 19013 | D:6      | 19013 ||| FLEEEEING.
 19037 | D:6      | 19037 ||| FLEEEEING.
 19038 | D:6      | 19038 ||| FLEEEEING.
 19055 | D:6      | 19055 ||| FLEEEEING.
 19077 | D:6      | 19077 ||| FLEEEEING.
 19078 | D:6      | 19078 ||| FLEEEEING.
 19079 | D:6      | 19079 ||| FLEEEEING.
 19141 | D:6      | 19141 ||| FLEEEEING.
 19142 | D:6      | 19142 ||| FLEEEEING.
 19143 | D:6      | 19143 ||| FLEEEEING.
 19192 | D:6      | 19192 ||| FLEEEEING.
 19211 | D:6      | 19211 ||| FLEEEEING.
 19212 | D:6      | 19212 ||| FLEEEEING.
 19242 | D:6      | 19242 ||| FLEEEEING.
 19243 | D:6      | 19243 ||| FLEEEEING.
 19257 | D:6      | 19257 ||| FLEEEEING.
 19288 | D:6      | 19288 ||| FLEEEEING.
 19289 | D:6      | 19289 ||| FLEEEEING.
 19320 | D:6      | 19320 ||| FLEEEEING.
 19321 | D:6      | 19321 ||| FLEEEEING.
 19360 | D:6      | 19360 ||| FLEEEEING.
 19361 | D:6      | 19361 ||| FLEEEEING.
 19379 | D:6      | 19379 ||| FLEEEEING.
 19407 | D:6      | 19407 ||| FLEEEEING.
 19409 | D:6      | 19409 ||| FLEEEEING.
 19419 | D:6      | 19419 ||| FLEEEEING.
 19436 | D:6      | 19436 ||| FLEEEEING.
 19451 | D:6      | 19451 ||| FLEEEEING.
 19452 | D:6      | 19452 ||| FLEEEEING.
 19453 | D:6      | 19453 ||| FLEEEEING.
 19521 | D:6      | 19521 ||| FLEEEEING.
 19537 | D:6      | 19537 ||| FLEEEEING.
 19538 | D:6      | 19538 ||| FLEEEEING.
 19572 | D:6      | 19572 ||| FLEEEEING.
 19588 | D:6      | 19588 ||| FLEEEEING.
 19606 | D:6      | 19606 ||| FLEEEEING.
 19617 | D:6      | 19617 ||| FLEEEEING.
 19618 | D:6      | 19618 ||| FLEEEEING.
 19647 | D:6      | 19647 ||| FLEEEEING.
 19658 | D:6      | 19658 ||| FLEEEEING.
 19677 | D:6      | 19677 ||| FLEEEEING.
 19678 | D:6      | 19678 ||| FLEEEEING.
 19691 | D:6      | 19691 ||| FLEEEEING.
 19701 | D:6      | 19701 ||| FLEEEEING.
 19702 | D:6      | 19702 ||| FLEEEEING.
 19727 | D:6      | 19727 ||| FLEEEEING.
 19728 | D:6      | 19728 ||| FLEEEEING.
 19749 | D:6      | 19749 ||| FLEEEEING.
 19750 | D:6      | 19750 ||| FLEEEEING.
 19793 | D:6      | 19793 ||| FLEEEEING.
 19794 | D:6      | 19794 ||| FLEEEEING.
 19821 | D:6      | 19821 ||| FLEEEEING.
 19841 | D:6      | 19841 ||| FLEEEEING.
 19842 | D:6      | 19842 ||| FLEEEEING.
 19875 | D:6      | 19875 ||| FLEEEEING.
 19876 | D:6      | 19876 ||| FLEEEEING.
 19877 | D:6      | 19877 ||| FLEEEEING.
 19923 | D:6      | 19923 ||| FLEEEEING.
 19946 | D:6      | 19946 ||| FLEEEEING.
 19947 | D:6      | 19947 ||| FLEEEEING.
 19984 | D:6      | 19984 ||| FLEEEEING.
 19985 | D:6      | 19985 ||| FLEEEEING.
 19986 | D:6      | 19986 ||| FLEEEEING.
 20029 | D:6      | 20029 ||| FLEEEEING.
 20030 | D:6      | 20030 ||| FLEEEEING.
 20063 | D:6      | 20063 ||| FLEEEEING.
 20087 | D:6      | 20087 ||| FLEEEEING.
 20101 | D:6      | 20101 ||| FLEEEEING.
 20127 | D:6      | 20127 ||| FLEEEEING.
 20149 | D:6      | 20149 ||| FLEEEEING.
 20172 | D:6      | 20172 ||| FLEEEEING.
 20173 | D:6      | 20173 ||| FLEEEEING.
 20212 | D:6      | 20212 ||| FLEEEEING.
 20213 | D:6      | 20213 ||| FLEEEEING.
 20242 | D:6      | 20242 ||| FLEEEEING.
 20243 | D:6      | 20243 ||| FLEEEEING.
 20262 | D:6      | 20262 ||| FLEEEEING.
 20278 | D:6      | 20278 ||| FLEEEEING.
 20299 | D:6      | 20299 ||| FLEEEEING.
 20300 | D:6      | 20300 ||| FLEEEEING.
 20338 | D:6      | 20338 ||| FLEEEEING.
 20339 | D:6      | 20339 ||| FLEEEEING.
 20368 | D:6      | 20368 ||| FLEEEEING.
 20379 | D:6      | 20379 ||| FLEEEEING.
 20380 | D:6      | 20380 ||| FLEEEEING.
 20414 | D:6      | 20414 ||| FLEEEEING.
 20415 | D:6      | 20415 ||| FLEEEEING.
 20439 | D:6      | 20439 ||| FLEEEEING.
 20452 | D:6      | 20452 ||| FLEEEEING.
 20453 | D:6      | 20453 ||| FLEEEEING.
 20500 | D:6      | 20500 ||| FLEEEEING.
 20516 | D:6      | 20516 ||| FLEEEEING.
 20517 | D:6      | 20517 ||| FLEEEEING.
 20571 | D:6      | 20571 ||| FLEEEEING.
 20572 | D:6      | 20572 ||| FLEEEEING.
 20601 | D:6      | 20601 ||| FLEEEEING.
 20613 | D:6      | 20613 ||| FLEEEEING.
 20614 | D:6      | 20614 ||| FLEEEEING.
 20632 | D:6      | 20632 ||| FLEEEEING.
 20633 | D:6      | 20633 ||| FLEEEEING.
 20680 | D:6      | 20680 ||| FLEEEEING.
 20681 | D:6      | 20681 ||| FLEEEEING.
 20682 | D:6      | 20682 ||| FLEEEEING.
 20741 | D:6      | 20741 ||| FLEEEEING.
 20755 | D:6      | 20755 ||| FLEEEEING.
 20771 | D:6      | 20771 ||| FLEEEEING.
 20772 | D:6      | 20772 ||| FLEEEEING.
 20797 | D:6      | 20797 ||| FLEEEEING.
 20798 | D:6      | 20798 ||| FLEEEEING.
 20828 | D:6      | 20828 ||| FLEEEEING.
 20845 | D:6      | 20845 ||| FLEEEEING.
 20846 | D:6      | 20846 ||| FLEEEEING.
 20887 | D:6      | 20887 ||| FLEEEEING.
 20888 | D:6      | 20888 ||| FLEEEEING.
 20925 | D:6      | 20925 ||| FLEEEEING.
 20926 | D:6      | 20926 ||| FLEEEEING.
 20954 | D:6      | 20954 ||| FLEEEEING.
 20966 | D:6      | 20966 ||| FLEEEEING.
 20967 | D:6      | 20967 ||| FLEEEEING.
 20968 | D:6      | 20968 ||| FLEEEEING.
 21018 | D:6      | 21018 ||| FLEEEEING.
 21037 | D:6      | 21037 ||| FLEEEEING.
 21048 | D:6      | 21048 ||| FLEEEEING.
 21049 | D:6      | 21049 ||| FLEEEEING.
 21081 | D:6      | 21081 ||| FLEEEEING.
 21113 | D:6      | 21113 ||| FLEEEEING.
 21114 | D:6      | 21114 ||| FLEEEEING.
 21147 | D:6      | 21147 ||| FLEEEEING.
 21149 | D:6      | 21149 ||| FLEEEEING.
 21172 | D:6      | 21172 ||| FLEEEEING.
 21189 | D:6      | 21189 ||| FLEEEEING.
 21203 | D:6      | 21203 ||| FLEEEEING.
 21204 | D:6      | 21204 ||| FLEEEEING.
 21229 | D:6      | 21229 ||| FLEEEEING.
 21230 | D:6      | 21230 ||| FLEEEEING.
 21245 | D:6      | 21245 ||| FLEEEEING.
 21246 | D:6      | 21246 ||| FLEEEEING.
 21257 | D:6      | 21257 ||| FLEEEEING.
 21258 | D:6      | 21258 ||| FLEEEEING.
 21297 | D:6      | 21297 ||| FLEEEEING.
 21313 | D:6      | 21313 ||| FLEEEEING.
 21314 | D:6      | 21314 ||| FLEEEEING.
 21332 | D:6      | 21332 ||| FLEEEEING.
 21344 | D:6      | 21344 ||| FLEEEEING.
 21345 | D:6      | 21345 ||| FLEEEEING.
 21384 | D:6      | 21384 ||| FLEEEEING.
 21385 | D:6      | 21385 ||| FLEEEEING.
 21432 | D:6      | 21432 ||| FLEEEEING.
 21433 | D:6      | 21433 ||| FLEEEEING.
 21471 | D:6      | 21471 ||| FLEEEEING.
 21507 | D:6      | 21507 ||| FLEEEEING.
 21508 | D:6      | 21508 ||| FLEEEEING.
 21509 | D:6      | 21509 ||| FLEEEEING.
 21556 | D:6      | 21556 ||| FLEEEEING.
 21557 | D:6      | 21557 ||| FLEEEEING.
 21596 | D:6      | 21596 ||| FLEEEEING.
 21597 | D:6      | 21597 ||| FLEEEEING.
 21615 | D:6      | 21615 ||| FLEEEEING.
 21616 | D:6      | 21616 ||| FLEEEEING.
 21657 | D:6      | 21657 ||| FLEEEEING.
 21669 | D:6      | 21669 ||| FLEEEEING.
 21680 | D:6      | 21680 ||| FLEEEEING.
 21681 | D:6      | 21681 ||| FLEEEEING.
 21708 | D:6      | 21708 ||| FLEEEEING.
 21709 | D:6      | 21709 ||| FLEEEEING.
 21742 | D:6      | 21742 ||| FLEEEEING.
 21743 | D:6      | 21743 ||| FLEEEEING.
 21786 | D:6      | 21786 ||| FLEEEEING.
 21803 | D:6      | 21803 ||| FLEEEEING.
 21820 | D:6      | 21820 ||| FLEEEEING.
 21849 | D:6      | 21849 ||| FLEEEEING.
 21850 | D:6      | 21850 ||| FLEEEEING.
 21851 | D:6      | 21851 ||| FLEEEEING.
 21873 | D:6      | 21873 ||| FLEEEEING.
 21874 | D:6      | 21874 ||| FLEEEEING.
 21906 | D:6      | 21906 ||| FLEEEEING.
 21907 | D:6      | 21907 ||| FLEEEEING.
 21949 | D:6      | 21949 ||| FLEEEEING.
 21950 | D:6      | 21950 ||| FLEEEEING.
 21969 | D:6      | 21969 ||| FLEEEEING.
 21989 | D:6      | 21989 ||| FLEEEEING.
 21990 | D:6      | 21990 ||| FLEEEEING.
 22033 | D:6      | 22033 ||| FLEEEEING.
 22057 | D:6      | 22057 ||| FLEEEEING.
 22058 | D:6      | 22058 ||| FLEEEEING.
 22059 | D:6      | 22059 ||| FLEEEEING.
 22107 | D:6      | 22107 ||| FLEEEEING.
 22108 | D:6      | 22108 ||| FLEEEEING.
 22119 | D:6      | 22119 ||| FLEEEEING.
 22120 | D:6      | 22120 ||| FLEEEEING.
 22156 | D:6      | 22156 ||| FLEEEEING.
 22172 | D:6      | 22172 ||| FLEEEEING.
 22193 | D:6      | 22193 ||| FLEEEEING.
 22205 | D:6      | 22205 ||| FLEEEEING.
 22240 | D:6      | 22240 ||| FLEEEEING.
 22241 | D:6      | 22241 ||| FLEEEEING.
 22242 | D:6      | 22242 ||| FLEEEEING.
 22264 | D:6      | 22264 ||| FLEEEEING.
 22277 | D:6      | 22277 ||| FLEEEEING.
 22279 | D:6      | 22279 ||| FLEEEEING.
 22309 | D:6      | 22309 ||| FLEEEEING.
 22327 | D:6      | 22327 ||| FLEEEEING.
 22353 | D:6      | 22353 ||| FLEEEEING.
 22381 | D:6      | 22381 ||| FLEEEEING.
 22382 | D:6      | 22382 ||| FLEEEEING.
 22383 | D:6      | 22383 ||| FLEEEEING.
 22384 | D:6      | 22384 ||| FLEEEEING.
 22441 | D:6      | 22441 ||| FLEEEEING.
 22442 | D:6      | 22442 ||| FLEEEEING.
 22466 | D:6      | 22466 ||| FLEEEEING.
 22467 | D:6      | 22467 ||| FLEEEEING.
 22497 | D:6      | 22497 ||| FLEEEEING.
 22510 | D:6      | 22510 ||| FLEEEEING.
 22511 | D:6      | 22511 ||| FLEEEEING.
 22538 | D:6      | 22538 ||| FLEEEEING.
 22570 | D:6      | 22570 ||| FLEEEEING.
 22571 | D:6      | 22571 ||| FLEEEEING.
 22572 | D:6      | 22572 ||| FLEEEEING.
 22621 | D:6      | 22621 ||| FLEEEEING.
 22622 | D:6      | 22622 ||| FLEEEEING.
 22664 | D:6      | 22664 ||| FLEEEEING.
 22699 | D:6      | 22699 ||| FLEEEEING.
 22718 | D:6      | 22718 ||| FLEEEEING.
 22719 | D:6      | 22719 ||| FLEEEEING.
 22745 | D:6      | 22745 ||| FLEEEEING.
 22746 | D:6      | 22746 ||| FLEEEEING.
 22763 | D:6      | 22763 ||| FLEEEEING.
 22787 | D:6      | 22787 ||| FLEEEEING.
 22788 | D:6      | 22788 ||| FLEEEEING.
 22819 | D:6      | 22819 ||| FLEEEEING.
 22835 | D:6      | 22835 ||| FLEEEEING.
 22867 | D:6      | 22867 ||| FLEEEEING.
 22868 | D:6      | 22868 ||| FLEEEEING.
 22869 | D:6      | 22869 ||| FLEEEEING.
 22903 | D:6      | 22903 ||| FLEEEEING.
 22904 | D:6      | 22904 ||| FLEEEEING.
 22927 | D:6      | 22927 ||| FLEEEEING.
 22946 | D:6      | 22946 ||| FLEEEEING.
 22963 | D:6      | 22963 ||| FLEEEEING.
 22964 | D:6      | 22964 ||| FLEEEEING.
 22965 | D:6      | 22965 ||| FLEEEEING.
 22997 | D:6      | 22997 ||| FLEEEEING.
 22998 | D:6      | 22998 ||| FLEEEEING.
 23034 | D:6      | 23034 ||| FLEEEEING.
 23035 | D:6      | 23035 ||| FLEEEEING.
 23036 | D:6      | 23036 ||| FLEEEEING.
 23097 | D:6      | 23097 ||| FLEEEEING.
 23123 | D:6      | 23123 ||| FLEEEEING.
 23145 | D:6      | 23145 ||| FLEEEEING.
 23146 | D:6      | 23146 ||| FLEEEEING.
 23147 | D:6      | 23147 ||| FLEEEEING.
 23180 | D:6      | 23180 ||| FLEEEEING.
 23193 | D:6      | 23193 ||| FLEEEEING.
 23194 | D:6      | 23194 ||| FLEEEEING.
 23211 | D:6      | 23211 ||| FLEEEEING.
 23247 | D:6      | 23247 ||| FLEEEEING.
 23248 | D:6      | 23248 ||| FLEEEEING.
 23257 | D:6      | 23257 ||| FLEEEEING.
 23272 | D:6      | 23272 ||| FLEEEEING.
 23286 | D:6      | 23286 ||| FLEEEEING.
 23287 | D:6      | 23287 ||| FLEEEEING.
 23299 | D:6      | 23299 ||| FLEEEEING.
 23300 | D:6      | 23300 ||| FLEEEEING.
 23336 | D:6      | 23336 ||| FLEEEEING.
 23363 | D:6      | 23363 ||| FLEEEEING.
 23385 | D:6      | 23385 ||| FLEEEEING.
 23417 | D:6      | 23417 ||| FLEEEEING.
 23418 | D:6      | 23418 ||| FLEEEEING.
 23419 | D:6      | 23419 ||| FLEEEEING.
 23462 | D:6      | 23462 ||| FLEEEEING.
 23474 | D:6      | 23474 ||| FLEEEEING.
 23475 | D:6      | 23475 ||| FLEEEEING.
 23476 | D:6      | 23476 ||| FLEEEEING.
 23533 | D:6      | 23533 ||| FLEEEEING.
 23548 | D:6      | 23548 ||| FLEEEEING.
 23558 | D:6      | 23558 ||| FLEEEEING.
 23559 | D:6      | 23559 ||| FLEEEEING.
 23577 | D:6      | 23577 ||| FLEEEEING.
 23597 | D:6      | 23597 ||| FLEEEEING.
 23608 | D:6      | 23608 ||| FLEEEEING.
 23621 | D:6      | 23621 ||| FLEEEEING.
 23622 | D:6      | 23622 ||| FLEEEEING.
 23665 | D:6      | 23665 ||| FLEEEEING.
 23666 | D:6      | 23666 ||| FLEEEEING.
 23688 | D:6      | 23688 ||| FLEEEEING.
 23718 | D:6      | 23718 ||| FLEEEEING.
 23748 | D:6      | 23748 ||| FLEEEEING.
 23775 | D:6      | 23775 ||| FLEEEEING.
 23794 | D:6      | 23794 ||| FLEEEEING.
 23795 | D:6      | 23795 ||| FLEEEEING.
 23826 | D:6      | 23826 ||| FLEEEEING.
 23839 | D:6      | 23839 ||| FLEEEEING.
 23840 | D:6      | 23840 ||| FLEEEEING.
 23866 | D:6      | 23866 ||| FLEEEEING.
 23886 | D:6      | 23886 ||| FLEEEEING.
 23887 | D:6      | 23887 ||| FLEEEEING.
 23917 | D:6      | 23917 ||| FLEEEEING.
 23942 | D:6      | 23942 ||| FLEEEEING.
 23956 | D:6      | 23956 ||| FLEEEEING.
 23969 | D:6      | 23969 ||| FLEEEEING.
 23970 | D:6      | 23970 ||| FLEEEEING.
 23986 | D:6      | 23986 ||| FLEEEEING.
 24004 | D:6      | 24004 ||| FLEEEEING.
 24014 | D:6      | 24014 ||| FLEEEEING.
 24016 | D:6      | 24016 ||| FLEEEEING.
 24036 | D:6      | 24036 ||| FLEEEEING.
 24037 | D:6      | 24037 ||| FLEEEEING.
 24066 | D:6      | 24066 ||| FLEEEEING.
 24096 | D:6      | 24096 ||| FLEEEEING.
 24107 | D:6      | 24107 ||| FLEEEEING.
 24122 | D:6      | 24122 ||| FLEEEEING.
 24123 | D:6      | 24123 ||| FLEEEEING.
 24141 | D:6      | 24141 ||| FLEEEEING.
 24142 | D:6      | 24142 ||| FLEEEEING.
 24163 | D:6      | 24163 ||| FLEEEEING.
 24178 | D:6      | 24178 ||| FLEEEEING.
 24202 | D:6      | 24202 ||| FLEEEEING.
 24236 | D:6      | 24236 ||| FLEEEEING.
 24237 | D:6      | 24237 ||| FLEEEEING.
 24291 | D:6      | 24291 ||| FLEEEEING.
 24318 | D:6      | 24318 ||| FLEEEEING.
 24338 | D:6      | 24338 ||| FLEEEEING.
 24350 | D:6      | 24350 ||| FLEEEEING.
 24370 | D:6      | 24370 ||| FLEEEEING.
 24406 | D:6      | 24406 ||| FLEEEEING.
 24407 | D:6      | 24407 ||| FLEEEEING.
 24408 | D:6      | 24408 ||| FLEEEEING.
 24446 | D:6      | 24446 ||| FLEEEEING.
 24447 | D:6      | 24447 ||| FLEEEEING.
 24485 | D:6      | 24485 ||| FLEEEEING.
 24509 | D:6      | 24509 ||| FLEEEEING.
 24522 | D:6      | 24522 ||| FLEEEEING.
 24541 | D:6      | 24541 ||| FLEEEEING.
 24542 | D:6      | 24542 ||| FLEEEEING.
 24552 | D:6      | 24552 ||| FLEEEEING.
 24576 | D:6      | 24576 ||| FLEEEEING.
 24588 | D:6      | 24588 ||| FLEEEEING.
 24589 | D:6      | 24589 ||| FLEEEEING.
 24621 | D:6      | 24621 ||| FLEEEEING.
 24622 | D:6      | 24622 ||| FLEEEEING.
 24653 | D:6      | 24653 ||| FLEEEEING.
 24654 | D:6      | 24654 ||| FLEEEEING.
 24677 | D:6      | 24677 ||| FLEEEEING.
 24700 | D:6      | 24700 ||| FLEEEEING.
 24701 | D:6      | 24701 ||| FLEEEEING.
 24722 | D:6      | 24722 ||| FLEEEEING.
 24723 | D:6      | 24723 ||| FLEEEEING.
 24766 | D:6      | 24766 ||| FLEEEEING.
 24767 | D:6      | 24767 ||| FLEEEEING.
 24785 | D:6      | 24785 ||| FLEEEEING.
 24786 | D:6      | 24786 ||| FLEEEEING.
 24830 | D:6      | 24830 ||| FLEEEEING.
 24850 | D:6      | 24850 ||| FLEEEEING.
 24851 | D:6      | 24851 ||| FLEEEEING.
 24887 | D:6      | 24887 ||| FLEEEEING.
 24902 | D:6      | 24902 ||| FLEEEEING.
 24903 | D:6      | 24903 ||| FLEEEEING.
 24924 | D:6      | 24924 ||| FLEEEEING.
 24925 | D:6      | 24925 ||| FLEEEEING.
 24962 | D:6      | 24962 ||| FLEEEEING.
 24985 | D:6      | 24985 ||| FLEEEEING.
 24986 | D:6      | 24986 ||| FLEEEEING.
 25023 | D:6      | 25023 ||| FLEEEEING.
 25024 | D:6      | 25024 ||| FLEEEEING.
 25056 | D:6      | 25056 ||| FLEEEEING.
 25057 | D:6      | 25057 ||| FLEEEEING.
 25083 | D:6      | 25083 ||| FLEEEEING.
 25093 | D:6      | 25093 ||| FLEEEEING.
 25114 | D:6      | 25114 ||| FLEEEEING.
 25128 | D:6      | 25128 ||| FLEEEEING.
 25129 | D:6      | 25129 ||| FLEEEEING.
 25177 | D:6      | 25177 ||| FLEEEEING.
 25178 | D:6      | 25178 ||| FLEEEEING.
 25234 | D:6      | 25234 ||| FLEEEEING.
 25256 | D:6      | 25256 ||| FLEEEEING.
 25266 | D:6      | 25266 ||| FLEEEEING.
 25293 | D:6      | 25293 ||| FLEEEEING.
 25312 | D:6      | 25312 ||| FLEEEEING.
 25313 | D:6      | 25313 ||| FLEEEEING.
 25314 | D:6      | 25314 ||| FLEEEEING.
 25372 | D:6      | 25372 ||| FLEEEEING.
 25382 | D:6      | 25382 ||| FLEEEEING.
 25383 | D:6      | 25383 ||| FLEEEEING.
 25414 | D:6      | 25414 ||| FLEEEEING.
 25415 | D:6      | 25415 ||| FLEEEEING.
 25459 | D:6      | 25459 ||| FLEEEEING.
 25460 | D:6      | 25460 ||| FLEEEEING.
 25501 | D:6      | 25501 ||| FLEEEEING.
 25514 | D:6      | 25514 ||| FLEEEEING.
 25515 | D:6      | 25515 ||| FLEEEEING.
 25516 | D:6      | 25516 ||| FLEEEEING.
 25557 | D:6      | 25557 ||| FLEEEEING.
 25573 | D:6      | 25573 ||| FLEEEEING.
 25574 | D:6      | 25574 ||| FLEEEEING.
 25598 | D:6      | 25598 ||| FLEEEEING.
 25614 | D:6      | 25614 ||| FLEEEEING.
 25615 | D:6      | 25615 ||| FLEEEEING.
 25626 | D:6      | 25626 ||| FLEEEEING.
 25627 | D:6      | 25627 ||| FLEEEEING.
 25664 | D:6      | 25664 ||| FLEEEEING.
 25665 | D:6      | 25665 ||| FLEEEEING.
 25692 | D:6      | 25692 ||| FLEEEEING.
 25721 | D:6      | 25721 ||| FLEEEEING.
 25722 | D:6      | 25722 ||| FLEEEEING.
 25746 | D:6      | 25746 ||| FLEEEEING.
 25747 | D:6      | 25747 ||| FLEEEEING.
 25764 | D:6      | 25764 ||| FLEEEEING.
 25779 | D:6      | 25779 ||| FLEEEEING.
 25780 | D:6      | 25780 ||| FLEEEEING.
 25797 | D:6      | 25797 ||| FLEEEEING.
 25818 | D:6      | 25818 ||| FLEEEEING.
 25833 | D:6      | 25833 ||| FLEEEEING.
 25834 | D:6      | 25834 ||| FLEEEEING.
 25870 | D:6      | 25870 ||| FLEEEEING.
 25871 | D:6      | 25871 ||| FLEEEEING.
 25894 | D:6      | 25894 ||| FLEEEEING.
 25928 | D:6      | 25928 ||| FLEEEEING.
 25929 | D:6      | 25929 ||| FLEEEEING.
 25957 | D:6      | 25957 ||| FLEEEEING.
 25969 | D:6      | 25969 ||| FLEEEEING.
 25988 | D:6      | 25988 ||| FLEEEEING.
 25989 | D:6      | 25989 ||| FLEEEEING.
 25990 | D:6      | 25990 ||| FLEEEEING.
 26042 | D:6      | 26042 ||| FLEEEEING.
 26070 | D:6      | 26070 ||| FLEEEEING.
 26081 | D:6      | 26081 ||| FLEEEEING.
 26085 | D:6      | 26085 ||| FLEEEEING.
 26106 | D:6      | 26106 ||| FLEEEEING.
 26107 | D:6      | 26107 ||| FLEEEEING.
 26148 | D:6      | 26148 ||| FLEEEEING.
 26149 | D:6      | 26149 ||| FLEEEEING.
 26177 | D:6      | 26177 ||| FLEEEEING.
 26178 | D:6      | 26178 ||| FLEEEEING.
 26218 | D:6      | 26218 ||| FLEEEEING.
 26219 | D:6      | 26219 ||| FLEEEEING.
 26275 | D:6      | 26275 ||| FLEEEEING.
 26285 | D:6      | 26285 ||| FLEEEEING.
 26286 | D:6      | 26286 ||| FLEEEEING.
 26307 | D:6      | 26307 ||| FLEEEEING.
 26323 | D:6      | 26323 ||| FLEEEEING.
 26338 | D:6      | 26338 ||| FLEEEEING.
 26339 | D:6      | 26339 ||| FLEEEEING.
 26380 | D:6      | 26380 ||| FLEEEEING.
 26381 | D:6      | 26381 ||| FLEEEEING.
 26412 | D:6      | 26412 ||| FLEEEEING.
 26413 | D:6      | 26413 ||| FLEEEEING.
 26454 | D:6      | 26454 ||| FLEEEEING.
 26455 | D:6      | 26455 ||| FLEEEEING.
 26498 | D:6      | 26498 ||| FLEEEEING.
 26499 | D:6      | 26499 ||| FLEEEEING.
 26530 | D:6      | 26530 ||| FLEEEEING.
 26531 | D:6      | 26531 ||| FLEEEEING.
 26574 | D:6      | 26574 ||| FLEEEEING.
 26575 | D:6      | 26575 ||| FLEEEEING.
 26613 | D:6      | 26613 ||| FLEEEEING.
 26614 | D:6      | 26614 ||| FLEEEEING.
 26648 | D:6      | 26648 ||| FLEEEEING.
 26675 | D:6      | 26675 ||| FLEEEEING.
 26676 | D:6      | 26676 ||| FLEEEEING.
 26686 | D:6      | 26686 ||| FLEEEEING.
 26687 | D:6      | 26687 ||| FLEEEEING.
 26704 | D:6      | 26704 ||| FLEEEEING.
 26705 | D:6      | 26705 ||| FLEEEEING.
 26728 | D:6      | 26728 ||| FLEEEEING.
 26729 | D:6      | 26729 ||| FLEEEEING.
 26773 | D:6      | 26773 ||| FLEEEEING.
 26787 | D:6      | 26787 ||| FLEEEEING.
 26808 | D:6      | 26808 ||| FLEEEEING.
 26809 | D:6      | 26809 ||| FLEEEEING.
 26810 | D:6      | 26810 ||| FLEEEEING.
 26841 | D:6      | 26841 ||| FLEEEEING.
 26842 | D:6      | 26842 ||| FLEEEEING.
 26874 | D:6      | 26874 ||| FLEEEEING.
 26892 | D:6      | 26892 ||| FLEEEEING.
 26917 | D:6      | 26917 ||| FLEEEEING.
 26918 | D:6      | 26918 ||| FLEEEEING.
 26943 | D:6      | 26943 ||| FLEEEEING.
 26944 | D:6      | 26944 ||| FLEEEEING.
 26978 | D:6      | 26978 ||| FLEEEEING.
 26995 | D:6      | 26995 ||| FLEEEEING.
 26996 | D:6      | 26996 ||| FLEEEEING.
 27042 | D:6      | 27042 ||| FLEEEEING.
 27074 | D:6      | 27074 ||| FLEEEEING.
 27100 | D:6      | 27100 ||| FLEEEEING.
 27101 | D:6      | 27101 ||| FLEEEEING.
 27102 | D:6      | 27102 ||| FLEEEEING.
 27156 | D:6      | 27156 ||| FLEEEEING.
 27157 | D:6      | 27157 ||| FLEEEEING.
 27177 | D:6      | 27177 ||| FLEEEEING.
 27178 | D:6      | 27178 ||| FLEEEEING.
 27179 | D:6      | 27179 ||| FLEEEEING.
 27226 | D:6      | 27226 ||| FLEEEEING.
 27227 | D:6      | 27227 ||| FLEEEEING.
 27250 | D:6      | 27250 ||| FLEEEEING.
 27251 | D:6      | 27251 ||| FLEEEEING.
 27262 | D:6      | 27262 ||| FLEEEEING.
 27263 | D:6      | 27263 ||| FLEEEEING.
 27264 | D:6      | 27264 ||| FLEEEEING.
 27298 | D:6      | 27298 ||| FLEEEEING.
 27299 | D:6      | 27299 ||| FLEEEEING.
 27335 | D:6      | 27335 ||| FLEEEEING.
 27336 | D:6      | 27336 ||| FLEEEEING.
 27383 | D:6      | 27383 ||| FLEEEEING.
 27384 | D:6      | 27384 ||| FLEEEEING.
 27406 | D:6      | 27406 ||| FLEEEEING.
 27420 | D:6      | 27420 ||| FLEEEEING.
 27433 | D:6      | 27433 ||| FLEEEEING.
 27434 | D:6      | 27434 ||| FLEEEEING.
 27452 | D:6      | 27452 ||| FLEEEEING.
 27453 | D:6      | 27453 ||| FLEEEEING.
 27454 | D:6      | 27454 ||| FLEEEEING.
 27482 | D:6      | 27482 ||| FLEEEEING.
 27483 | D:6      | 27483 ||| FLEEEEING.
 27526 | D:6      | 27526 ||| FLEEEEING.
 27527 | D:6      | 27527 ||| FLEEEEING.
 27572 | D:6      | 27572 ||| FLEEEEING.
 27573 | D:6      | 27573 ||| FLEEEEING.
 27574 | D:6      | 27574 ||| FLEEEEING.
 27625 | D:6      | 27625 ||| FLEEEEING.
 27626 | D:6      | 27626 ||| FLEEEEING.
 27640 | D:6      | 27640 ||| FLEEEEING.
 27641 | D:6      | 27641 ||| FLEEEEING.
 27678 | D:6      | 27678 ||| FLEEEEING.
 27700 | D:6      | 27700 ||| FLEEEEING.
 27721 | D:6      | 27721 ||| FLEEEEING.
 27738 | D:6      | 27738 ||| FLEEEEING.
 27754 | D:6      | 27754 ||| FLEEEEING.
 27791 | D:6      | 27791 ||| FLEEEEING.
 27792 | D:6      | 27792 ||| FLEEEEING.
 27793 | D:6      | 27793 ||| FLEEEEING.
 27821 | D:6      | 27821 ||| FLEEEEING.
 27822 | D:6      | 27822 ||| FLEEEEING.
 27850 | D:6      | 27850 ||| FLEEEEING.
 27866 | D:6      | 27866 ||| FLEEEEING.
 27867 | D:6      | 27867 ||| FLEEEEING.
 27883 | D:6      | 27883 ||| FLEEEEING.
 27884 | D:6      | 27884 ||| FLEEEEING.
 27885 | D:6      | 27885 ||| FLEEEEING.
 27922 | D:6      | 27922 ||| FLEEEEING.
 27932 | D:6      | 27932 ||| FLEEEEING.
 27964 | D:6      | 27964 ||| FLEEEEING.
 27984 | D:6      | 27984 ||| FLEEEEING.
 27998 | D:6      | 27998 ||| FLEEEEING.
 28011 | D:6      | 28011 ||| FLEEEEING.
 28012 | D:6      | 28012 ||| FLEEEEING.
 28013 | D:6      | 28013 ||| FLEEEEING.
 28035 | D:6      | 28035 ||| FLEEEEING.
 28048 | D:6      | 28048 ||| FLEEEEING.
 28049 | D:6      | 28049 ||| FLEEEEING.
 28064 | D:6      | 28064 ||| FLEEEEING.
 28065 | D:6      | 28065 ||| FLEEEEING.
 28094 | D:6      | 28094 ||| FLEEEEING.
 28120 | D:6      | 28120 ||| FLEEEEING.
 28121 | D:6      | 28121 ||| FLEEEEING.
 28143 | D:6      | 28143 ||| FLEEEEING.
 28144 | D:6      | 28144 ||| FLEEEEING.
 28159 | D:6      | 28159 ||| FLEEEEING.
 28163 | D:6      | 28163 ||| FLEEEEING.
 28192 | D:6      | 28192 ||| FLEEEEING.
 28203 | D:6      | 28203 ||| FLEEEEING.
 28204 | D:6      | 28204 ||| FLEEEEING.
 28228 | D:6      | 28228 ||| FLEEEEING.
 28247 | D:6      | 28247 ||| FLEEEEING.
 28248 | D:6      | 28248 ||| FLEEEEING.
 28260 | D:6      | 28260 ||| FLEEEEING.
 28261 | D:6      | 28261 ||| FLEEEEING.
 28280 | D:6      | 28280 ||| FLEEEEING.
 28298 | D:6      | 28298 ||| FLEEEEING.
 28318 | D:6      | 28318 ||| FLEEEEING.
 28319 | D:6      | 28319 ||| FLEEEEING.
 28347 | D:6      | 28347 ||| FLEEEEING.
 28348 | D:6      | 28348 ||| FLEEEEING.
 28392 | D:6      | 28392 ||| FLEEEEING.
 28393 | D:6      | 28393 ||| FLEEEEING.
 28437 | D:6      | 28437 ||| FLEEEEING.
 28462 | D:6      | 28462 ||| FLEEEEING.
 28463 | D:6      | 28463 ||| FLEEEEING.
 28508 | D:6      | 28508 ||| FLEEEEING.
 28509 | D:6      | 28509 ||| FLEEEEING.
 28526 | D:6      | 28526 ||| FLEEEEING.
 28558 | D:6      | 28558 ||| FLEEEEING.
 28559 | D:6      | 28559 ||| FLEEEEING.
 28585 | D:6      | 28585 ||| FLEEEEING.
 28597 | D:6      | 28597 ||| FLEEEEING.
 28598 | D:6      | 28598 ||| FLEEEEING.
 28643 | D:6      | 28643 ||| FLEEEEING.
 28644 | D:6      | 28644 ||| FLEEEEING.
 28659 | D:6      | 28659 ||| FLEEEEING.
 28669 | D:6      | 28669 ||| FLEEEEING.
 28692 | D:6      | 28692 ||| FLEEEEING.
 28693 | D:6      | 28693 ||| FLEEEEING.
 28722 | D:6      | 28722 ||| FLEEEEING.
 28723 | D:6      | 28723 ||| FLEEEEING.
 28735 | D:6      | 28735 ||| FLEEEEING.
 28736 | D:6      | 28736 ||| FLEEEEING.
 28766 | D:6      | 28766 ||| FLEEEEING.
 28767 | D:6      | 28767 ||| FLEEEEING.
 28818 | D:6      | 28818 ||| FLEEEEING.
 28835 | D:6      | 28835 ||| FLEEEEING.
 28846 | D:6      | 28846 ||| FLEEEEING.
 28858 | D:6      | 28858 ||| FLEEEEING.
 28871 | D:6      | 28871 ||| FLEEEEING.
 28872 | D:6      | 28872 ||| FLEEEEING.
 28916 | D:6      | 28916 ||| FLEEEEING.
 28942 | D:6      | 28942 ||| FLEEEEING.
 28959 | D:6      | 28959 ||| FLEEEEING.
 28974 | D:6      | 28974 ||| FLEEEEING.
 28994 | D:6      | 28994 ||| FLEEEEING.
 28995 | D:6      | 28995 ||| FLEEEEING.
 29019 | D:6      | 29019 ||| FLEEEEING.
 29020 | D:6      | 29020 ||| FLEEEEING.
 29056 | D:6      | 29056 ||| FLEEEEING.
 29057 | D:6      | 29057 ||| FLEEEEING.
 29094 | D:6      | 29094 ||| FLEEEEING.
 29095 | D:6      | 29095 ||| FLEEEEING.
 29140 | D:6      | 29140 ||| FLEEEEING.
 29141 | D:6      | 29141 ||| FLEEEEING.
 29171 | D:6      | 29171 ||| FLEEEEING.
 29192 | D:6      | 29192 ||| FLEEEEING.
 29193 | D:6      | 29193 ||| FLEEEEING.
 29224 | D:6      | 29224 ||| FLEEEEING.
 29234 | D:6      | 29234 ||| FLEEEEING.
 29235 | D:6      | 29235 ||| FLEEEEING.
 29259 | D:6      | 29259 ||| FLEEEEING.
 29271 | D:6      | 29271 ||| FLEEEEING.
 29272 | D:6      | 29272 ||| FLEEEEING.
 29296 | D:6      | 29296 ||| FLEEEEING.
 29297 | D:6      | 29297 ||| FLEEEEING.
 29316 | D:6      | 29316 ||| FLEEEEING.
 29317 | D:6      | 29317 ||| FLEEEEING.
 29345 | D:6      | 29345 ||| FLEEEEING.
 29346 | D:6      | 29346 ||| FLEEEEING.
 29374 | D:6      | 29374 ||| FLEEEEING.
 29375 | D:6      | 29375 ||| FLEEEEING.
 29422 | D:6      | 29422 ||| FLEEEEING.
 29444 | D:6      | 29444 ||| FLEEEEING.
 29445 | D:6      | 29445 ||| FLEEEEING.
 29473 | D:6      | 29473 ||| FLEEEEING.
 29474 | D:6      | 29474 ||| FLEEEEING.
 29496 | D:6      | 29496 ||| FLEEEEING.
 29516 | D:6      | 29516 ||| FLEEEEING.
 29526 | D:6      | 29526 ||| FLEEEEING.
 29537 | D:6      | 29537 ||| FLEEEEING.
 29562 | D:6      | 29562 ||| FLEEEEING.
 29563 | D:6      | 29563 ||| FLEEEEING.
 29604 | D:6      | 29604 ||| FLEEEEING.
 29605 | D:6      | 29605 ||| FLEEEEING.
 29638 | D:6      | 29638 ||| FLEEEEING.
 29663 | D:6      | 29663 ||| FLEEEEING.
 29664 | D:6      | 29664 ||| FLEEEEING.
 29693 | D:6      | 29693 ||| FLEEEEING.
 29694 | D:6      | 29694 ||| FLEEEEING.
 29741 | D:6      | 29741 ||| FLEEEEING.
 29742 | D:6      | 29742 ||| FLEEEEING.
 29786 | D:6      | 29786 ||| FLEEEEING.
 29804 | D:6      | 29804 ||| FLEEEEING.
 29822 | D:6      | 29822 ||| FLEEEEING.
 29858 | D:6      | 29858 ||| FLEEEEING.
 29859 | D:6      | 29859 ||| FLEEEEING.
 29889 | D:6      | 29889 ||| FLEEEEING.
 29890 | D:6      | 29890 ||| FLEEEEING.
 29900 | D:6      | 29900 ||| FLEEEEING.
 29912 | D:6      | 29912 ||| FLEEEEING.
 29913 | D:6      | 29913 ||| FLEEEEING.
 29950 | D:6      | 29950 ||| FLEEEEING.
 29951 | D:6      | 29951 ||| FLEEEEING.
 29974 | D:6      | 29974 ||| FLEEEEING.
 29994 | D:6      | 29994 ||| FLEEEEING.
 30013 | D:6      | 30013 ||| FLEEEEING.
 30038 | D:6      | 30038 ||| FLEEEEING.
 30039 | D:6      | 30039 ||| FLEEEEING.
 30060 | D:6      | 30060 ||| FLEEEEING.
 30061 | D:6      | 30061 ||| FLEEEEING.
 30104 | D:6      | 30104 ||| FLEEEEING.
 30126 | D:6      | 30126 ||| FLEEEEING.
 30144 | D:6      | 30144 ||| FLEEEEING.
 30145 | D:6      | 30145 ||| FLEEEEING.
 30146 | D:6      | 30146 ||| FLEEEEING.
 30213 | D:6      | 30213 ||| FLEEEEING.
 30232 | D:6      | 30232 ||| FLEEEEING.
 30248 | D:6      | 30248 ||| FLEEEEING.
 30264 | D:6      | 30264 ||| FLEEEEING.
 30280 | D:6      | 30280 ||| FLEEEEING.
 30293 | D:6      | 30293 ||| FLEEEEING.
 30319 | D:6      | 30319 ||| FLEEEEING.
 30324 | D:6      | Glimpsed the power of Zot.
 30333 | D:6      | 30333 ||| FLEEEEING.
 30334 | D:6      | 30334 ||| FLEEEEING.
 30360 | D:6      | 30360 ||| FLEEEEING.
 30361 | D:6      | 30361 ||| FLEEEEING.
 30394 | D:6      | 30394 ||| FLEEEEING.
 30395 | D:6      | 30395 ||| FLEEEEING.
 30424 | D:6      | 30424 ||| FLEEEEING.
 30439 | D:6      | 30439 ||| FLEEEEING.
 30458 | D:6      | 30458 ||| FLEEEEING.
 30459 | D:6      | 30459 ||| FLEEEEING.
 30497 | D:6      | 30497 ||| FLEEEEING.
 30498 | D:6      | 30498 ||| FLEEEEING.
 30539 | D:6      | 30539 ||| FLEEEEING.
 30540 | D:6      | 30540 ||| FLEEEEING.
 30562 | D:6      | 30562 ||| FLEEEEING.
 30563 | D:6      | 30563 ||| FLEEEEING.
 30593 | D:6      | 30593 ||| FLEEEEING.
 30594 | D:6      | 30594 ||| FLEEEEING.
 30607 | D:6      | 30607 ||| FLEEEEING.
 30608 | D:6      | 30608 ||| FLEEEEING.
 30634 | D:6      | 30634 ||| FLEEEEING.
 30635 | D:6      | 30635 ||| FLEEEEING.
 30664 | D:6      | 30664 ||| FLEEEEING.
 30665 | D:6      | 30665 ||| FLEEEEING.
 30709 | D:6      | 30709 ||| FLEEEEING.
 30710 | D:6      | 30710 ||| FLEEEEING.
 30741 | D:6      | 30741 ||| FLEEEEING.
 30742 | D:6      | 30742 ||| FLEEEEING.
 30758 | D:6      | 30758 ||| FLEEEEING.
 30775 | D:6      | 30775 ||| FLEEEEING.
 30776 | D:6      | 30776 ||| FLEEEEING.
 30824 | D:6      | Glimpsed the power of Zot.
 30829 | D:6      | 30829 ||| FLEEEEING.
 30830 | D:6      | 30830 ||| FLEEEEING.
 30847 | D:6      | 30847 ||| FLEEEEING.
 30848 | D:6      | 30848 ||| FLEEEEING.
 30904 | D:6      | 30904 ||| FLEEEEING.
 30929 | D:6      | 30929 ||| FLEEEEING.
 30930 | D:6      | 30930 ||| FLEEEEING.
 30970 | D:6      | 30970 ||| FLEEEEING.
 30985 | D:6      | 30985 ||| FLEEEEING.
 30986 | D:6      | 30986 ||| FLEEEEING.
 31028 | D:6      | 31028 ||| FLEEEEING.
 31029 | D:6      | 31029 ||| FLEEEEING.
 31030 | D:6      | 31030 ||| FLEEEEING.
 31075 | D:6      | 31075 ||| FLEEEEING.
 31088 | D:6      | 31088 ||| FLEEEEING.
 31089 | D:6      | 31089 ||| FLEEEEING.
 31129 | D:6      | 31129 ||| FLEEEEING.
 31141 | D:6      | 31141 ||| FLEEEEING.
 31155 | D:6      | 31155 ||| FLEEEEING.
 31168 | D:6      | 31168 ||| FLEEEEING.
 31188 | D:6      | 31188 ||| FLEEEEING.
 31207 | D:6      | 31207 ||| FLEEEEING.
 31208 | D:6      | 31208 ||| FLEEEEING.
 31209 | D:6      | 31209 ||| FLEEEEING.
 31210 | D:6      | 31210 ||| FLEEEEING.
 31224 | D:6      | Glimpsed the power of Zot.
 31256 | D:6      | 31256 ||| FLEEEEING.
 31272 | D:6      | 31272 ||| FLEEEEING.
 31286 | D:6      | 31286 ||| FLEEEEING.
 31300 | D:6      | 31300 ||| FLEEEEING.
 31301 | D:6      | 31301 ||| FLEEEEING.
 31324 | D:6      | Touched by the power of Zot.
 31325 | D:6      | Glimpsed the power of Zot.
 31331 | D:6      | 31331 ||| FLEEEEING.
 31340 | D:6      | 31340 ||| FLEEEEING.
 31341 | D:6      | 31341 ||| FLEEEEING.
 31380 | D:6      | 31380 ||| FLEEEEING.
 31381 | D:6      | 31381 ||| FLEEEEING.
 31402 | D:6      | 31402 ||| FLEEEEING.
 31424 | D:6      | 31424 ||| FLEEEEING.
 31425 | D:6      | 31425 ||| FLEEEEING.
 31462 | D:6      | 31462 ||| FLEEEEING.
 31481 | D:6      | 31481 ||| FLEEEEING.
 31482 | D:6      | 31482 ||| FLEEEEING.
 31498 | D:6      | 31498 ||| FLEEEEING.
 31499 | D:6      | 31499 ||| FLEEEEING.
 31531 | D:6      | 31531 ||| FLEEEEING.
 31540 | D:6      | 31540 ||| FLEEEEING.
 31561 | D:6      | 31561 ||| FLEEEEING.
 31562 | D:6      | 31562 ||| FLEEEEING.
 31563 | D:6      | 31563 ||| FLEEEEING.
 31612 | D:6      | 31612 ||| FLEEEEING.
 31613 | D:6      | 31613 ||| FLEEEEING.
 31652 | D:6      | 31652 ||| FLEEEEING.
 31670 | D:6      | 31670 ||| FLEEEEING.
 31671 | D:6      | 31671 ||| FLEEEEING.
 31688 | D:6      | 31688 ||| FLEEEEING.
 31704 | D:6      | 31704 ||| FLEEEEING.
 31705 | D:6      | 31705 ||| FLEEEEING.
 31738 | D:6      | 31738 ||| FLEEEEING.
 31759 | D:6      | 31759 ||| FLEEEEING.
 31760 | D:6      | 31760 ||| FLEEEEING.
 31761 | D:6      | 31761 ||| FLEEEEING.
 31774 | D:6      | 31774 ||| FLEEEEING.
 31775 | D:6      | 31775 ||| FLEEEEING.
 31792 | D:6      | 31792 ||| FLEEEEING.
 31807 | D:6      | 31807 ||| FLEEEEING.
 31823 | D:6      | 31823 ||| FLEEEEING.
 31825 | D:6      | Glimpsed the power of Zot.
 31830 | D:6      | 31830 ||| FLEEEEING.
 31842 | D:6      | 31842 ||| FLEEEEING.
 31843 | D:6      | 31843 ||| FLEEEEING.
 31871 | D:6      | 31871 ||| FLEEEEING.
 31882 | D:6      | 31882 ||| FLEEEEING.
 31892 | D:6      | 31892 ||| FLEEEEING.
 31893 | D:6      | 31893 ||| FLEEEEING.
 31920 | D:6      | 31920 ||| FLEEEEING.
 31930 | D:6      | 31930 ||| FLEEEEING.
 31931 | D:6      | 31931 ||| FLEEEEING.
 31966 | D:6      | 31966 ||| FLEEEEING.
 31984 | D:6      | 31984 ||| FLEEEEING.
 31985 | D:6      | 31985 ||| FLEEEEING.
 32026 | D:6      | 32026 ||| FLEEEEING.
 32028 | D:6      | 32028 ||| FLEEEEING.
 32050 | D:6      | 32050 ||| FLEEEEING.
 32051 | D:6      | 32051 ||| FLEEEEING.
 32067 | D:6      | 32067 ||| FLEEEEING.
 32068 | D:6      | 32068 ||| FLEEEEING.
 32101 | D:6      | 32101 ||| FLEEEEING.
 32117 | D:6      | 32117 ||| FLEEEEING.
 32118 | D:6      | 32118 ||| FLEEEEING.
 32149 | D:6      | 32149 ||| FLEEEEING.
 32150 | D:6      | 32150 ||| FLEEEEING.
 32171 | D:6      | 32171 ||| FLEEEEING.
 32183 | D:6      | 32183 ||| FLEEEEING.
 32191 | D:6      | 32191 ||| FLEEEEING.
 32192 | D:6      | 32192 ||| FLEEEEING.
 32212 | D:6      | 32212 ||| FLEEEEING.
 32225 | D:6      | Glimpsed the power of Zot.
 32236 | D:6      | 32236 ||| FLEEEEING.
 32237 | D:6      | 32237 ||| FLEEEEING.
 32282 | D:6      | 32282 ||| FLEEEEING.
 32294 | D:6      | 32294 ||| FLEEEEING.
 32295 | D:6      | 32295 ||| FLEEEEING.
 32324 | D:6      | Touched by the power of Zot.
 32325 | D:6      | Glimpsed the power of Zot.
 32336 | D:6      | 32336 ||| FLEEEEING.
 32337 | D:6      | 32337 ||| FLEEEEING.
 32368 | D:6      | 32368 ||| FLEEEEING.
 32369 | D:6      | 32369 ||| FLEEEEING.
 32390 | D:6      | 32390 ||| FLEEEEING.
 32390 | D:6      | HP: 3/23 [centaur/arrow (6)]
 32390 | D:6      | Shot with an arrow by a centaur

Levels and vault maps discovered:
D:1:      wheals_arrival_shading, layout_basic,
          ebering_ecumenical_altar_petrified
D:2:      layout_rooms, minmay_misc_feat_room, uniq_crazy_yiuf_cottage
D:3:      layout_basic, overflow_temple_1_default, uniq_terence
D:4:      layout_cave_pools, tso_altar
D:5:      layout_basic, kennysheep_dice
D:6:      minmay_chambers_of_fours, layout_gridville, minmay_temple_entry_trees,
          centaur_isle
D:7:      layout_cave_pods

Skill      XL: |  1  2  3  4  5  6  7  8 |
---------------+-------------------------+-----
Unarmed Combat | 4 5 7 8 9 10 | 10.7
Fighting       | 3 4 |  4.9
Throwing       | 1 |  1.3
Dodging        | 1 |  1.2
Spellcasting   | |  1.0
Fire Magic     | |  2.1

Action                   |  1- 3 |  4- 6 |  7- 9 || total
-------------------------+-------+-------+-------++-------
Melee: Unarmed           |    56 |   132 |   115 ||   303
       Punch             |       |     1 |       ||     1
Throw: Boomerang         |       |       |    11 ||    11
Invok: Fiery Armour      |     1 |     2 |    10 ||    13
  Use: Scroll            |     3 |     5 |     3 ||    11
       Potion            |       |     1 |       ||     1
Armor: Robe              |    21 |    34 |   199 ||   254
Dodge: Dodged            |    22 |    49 |  3413 ||  3484
       Repelled          |       |       |   116 ||   116

Table legend:
 A = Non-vault XP
 B = Vault XP
 C = Vault XP percentage of total XP
 D = Non-vault monster count
 E = Vault monster count
 F = Vault count percentage of total count
                 A         B        C        D         E       F
            +---------+---------+-------+---------+---------+-------
      Total |    2245 |     557 |  19.9 |     103 |       9 |   8.0
            +---------+---------+-------+---------+---------+-------
        D:1 |      27 |       0 |   0.0 |      15 |       0 |   0.0
        D:2 |     113 |      36 |  24.2 |      19 |       1 |   5.0
        D:3 |      39 |       0 |   0.0 |      17 |       0 |   0.0
        D:4 |     509 |       0 |   0.0 |      20 |       0 |   0.0
        D:5 |     318 |     131 |  29.2 |      10 |       2 |  16.7
        D:6 |     641 |     390 |  37.8 |      19 |       6 |  24.0
        D:7 |     598 |       0 |   0.0 |       3 |       0 |   0.0
            +---------+---------+-------+---------+---------+-------
